Workbook

Sheet TABLA_MOT-cambiar nombres aqui
B2: MORFOLOGÍA Y MODELO DE OCUPACIÓN DEL TERRITORIO (MOT) | C2: EJES DE INTEGRACIÓN | D2: LÍNEAS DE ANÁLISIS | E2: CRITERIO (LO QUE TENGO QUE EJECUTAR)
C3: MOT.1 EQUILIBRIO TERRITORIAL | D3: SISTEMA NATURAL | E3: MOT.1.1 | F3: IV-A Elemento estructurante del territorio
E4: MOT.1.2 | F4: Servicios ecosistémicos
D5: SISTEMA RURAL | E5: MOT.1.3 | F5: Potenciación sistemas agrarios
E6: MOT.1.4 | F6: Desarrollo policéntrico de núcleos rurales
D7: SISTEMA URBANO
E8: MOT.1.5 | F8: Ocupación del suelo y distribución de usos eficiente
E9: MOT.1.6 | F9: Sistema urbano con estructura policéntrica, compacto, complejo y eficiente
C10: MOT.2 TERRITORIO NEUTRO EN EMISIONES | D10: SUMIDEROS | E10: MOT.2.1 | F10: Modelo de ordenación orientado a la neutralidad climática
D11: EMISIONES
D12: TRANSICIÓN ECOLÓGICA | E12: MOT.2.2 | F12: Transición ecológica justa
C15: MOT.3 OCUPACIÓN RACIONAL Y EFICIENTE DEL SUELO | D15: OCUPACIÓN RACIONAL DEL SUELO | E15: MOT.3.1 | F15: Ocupación del suelo racional y equilibrada. Regeneración frente a expansión
D16: EFICIENCIA DEL METABOLISMO TERRITORIAL | E16: MOT.3.2 | F16: Ocupación y ordenación de los suelos hacia la eficiencia del metabolismo territorial y la movilidad sostenible
C19: MOT.4 TERRITORIO ADAPTADO Y RESILIENTE | D19: TERRITORIO Y SOCIEDAD VULNERABLES Y RIESGOS CLIMÁTICOS | E19: MOT.4.1 | F19: Identificación y evaluación de riesgos, vulnerabilidades y capacidad de adaptación
D20: OCUPACIÓN DEL TERRITORIO RESILIENTE:ADAPTACIÓN E INTEGRACIÓN | E20: MOT.4.2 | F20: Ocupación del territorio resiliente: adaptada e integrada

Sheet Tabla Resultados MOT
B2: MORFOLOGÍA Y MODELO DE OCUPACIÓN DEL TERRITORIO (MOT) | C2: EJES DE INTEGRACIÓN | D2: LÍNEAS DE ANÁLISIS | F2: CRITERIO | H2: Peso del área | J2: Peso del Criterio | K2: Puntuacion inicial del criterio | L2: Porcentaje de cumplimiento
C3: EQUILIBRIO TERRITORIAL | D3: ='TABLA_MOT-cambiar nombres aqui'!D3:D4 -> SISTEMA NATURAL | F3: ='TABLA_MOT-cambiar nombres aqui'!E3 -> MOT.1.1 | G3: ='TABLA_MOT-cambiar nombres aqui'!F3 -> IV-A Elemento estructurante del territorio | H3: =100%/6 -> 0.16666667 | I3: =H3*0.25 -> 0.041666667 | J3: =($I$3/6) -> 0.0069444444 | K3: ='Panel Control MOT'!P11 -> 0.0069444444 | L3: =SUM(K3:K14) -> 0.16666667
F4: ='TABLA_MOT-cambiar nombres aqui'!E4 -> MOT.1.2 | G4: ='TABLA_MOT-cambiar nombres aqui'!F4 -> Servicios ecosistémicos | J4: =($I$3/6) -> 0.0069444444 | K4: ='Panel Control MOT'!P27 -> 0.0069444444
D5: ='TABLA_MOT-cambiar nombres aqui'!D5:D6 -> SISTEMA RURAL | F5: ='TABLA_MOT-cambiar nombres aqui'!E5 -> MOT.1.3 | G5: ='TABLA_MOT-cambiar nombres aqui'!F5 -> Potenciación sistemas agrarios | J5: =($I$3/6) -> 0.0069444444 | K5: ='Panel Control MOT'!P39 -> 0.0069444444
F6: ='TABLA_MOT-cambiar nombres aqui'!E6 -> MOT.1.4 | G6: ='TABLA_MOT-cambiar nombres aqui'!F6 -> Desarrollo policéntrico de núcleos rurales | J6: =($I$3/6) -> 0.0069444444 | K6: ='Panel Control MOT'!P53 -> 0.0069444444
D7: ='TABLA_MOT-cambiar nombres aqui'!D7:D9 -> SISTEMA URBANO | F7: ='TABLA_MOT-cambiar nombres aqui'!E8 -> MOT.1.5 | G7: ='TABLA_MOT-cambiar nombres aqui'!F8 -> Ocupación del suelo y distribución de usos eficiente | J7: =($I$3/6) -> 0.0069444444 | K7: ='Panel Control MOT'!P65 -> 0.0069444444
F8: ='TABLA_MOT-cambiar nombres aqui'!E9 -> MOT.1.6 | G8: ='TABLA_MOT-cambiar nombres aqui'!F9 -> Sistema urbano con estructura policéntrica, compacto, complejo y eficiente | J8: =($I$3/6) -> 0.0069444444 | K8: ='Panel Control MOT'!P77 -> 0.0069444444
C9: TERRITORIO NEUTRO EN EMISIONES | D9: ='TABLA_MOT-cambiar nombres aqui'!D10 -> SUMIDEROS | E9: ='TABLA_MOT-cambiar nombres aqui'!D11 -> EMISIONES | F9: ='TABLA_MOT-cambiar nombres aqui'!E10 -> MOT.2.1 | G9: ='TABLA_MOT-cambiar nombres aqui'!F10 -> Modelo de ordenación orientado a la neutralidad climática | I9: =H3*0.25 -> 0.041666667 | J9: =($I$9*0.7) -> 0.029166667 | K9: ='Panel Control MOT'!P89 -> 0.029166667
D10: ='TABLA_MOT-cambiar nombres aqui'!D12 -> TRANSICIÓN ECOLÓGICA | F10: ='TABLA_MOT-cambiar nombres aqui'!E12 -> MOT.2.2 | G10: ='TABLA_MOT-cambiar nombres aqui'!F12 -> Transición ecológica justa | J10: =($I$9*0.3) -> 0.0125 | K10: ='Panel Control MOT'!P97 -> 0.0125
C11: OCUPACIÓN RACIONAL Y EFICIENTE DEL SUELO | D11: ='TABLA_MOT-cambiar nombres aqui'!D15 -> OCUPACIÓN RACIONAL DEL SUELO | F11: ='TABLA_MOT-cambiar nombres aqui'!E15 -> MOT.3.1 | G11: ='TABLA_MOT-cambiar nombres aqui'!F15 -> Ocupación del suelo racional y equilibrada. Regeneración frente a expansión | I11: =H3*0.25 -> 0.041666667 | J11: =($I$11*0.6) -> 0.025 | K11: ='Panel Control MOT'!P115 -> 0.025
D12: ='TABLA_MOT-cambiar nombres aqui'!D16 -> EFICIENCIA DEL METABOLISMO TERRITORIAL | F12: ='TABLA_MOT-cambiar nombres aqui'!E16 -> MOT.3.2 | G12: ='TABLA_MOT-cambiar nombres aqui'!F16 -> Ocupación y ordenación de los suelos hacia la eficiencia del metabolismo territorial y la movilidad sostenible | J12: =($I$11*0.4) -> 0.016666667 | K12: ='Panel Control MOT'!P126 -> 0.016666667
C13: TERRITORIO ADAPTADO Y RESILIENTE | D13: ='TABLA_MOT-cambiar nombres aqui'!D19 -> TERRITORIO Y SOCIEDAD VULNERABLES Y RIESGOS CLIMÁTICOS | F13: ='TABLA_MOT-cambiar nombres aqui'!E19 -> MOT.4.1 | G13: ='TABLA_MOT-cambiar nombres aqui'!F19 -> Identificación y evaluación de riesgos, vulnerabilidades y capacidad de adaptación | I13: =H3*0.25 -> 0.041666667 | J13: =($I$13*0.4) -> 0.016666667 | K13: ='Panel Control MOT'!P138 -> 0.016666667
D14: ='TABLA_MOT-cambiar nombres aqui'!D20 -> OCUPACIÓN DEL TERRITORIO RESILIENTE:ADAPTACIÓN E INTEGRACIÓN | F14: ='TABLA_MOT-cambiar nombres aqui'!E20 -> MOT.4.2 | G14: ='TABLA_MOT-cambiar nombres aqui'!F20 -> Ocupación del territorio resiliente: adaptada e integrada | J14: =($I$13*0.6) -> 0.025 | K14: ='Panel Control MOT'!P154 -> 0.025
I15: =SUM(I3:I14) -> 0.16666667 | J15: =SUM(J3:J14) -> 0.16666667

Sheet Panel Control MOT
F1: Peso del criterio | G1: Cumplimiento | I1: Leyenda Contribución del Criterio | J1: Contribución del criterio | M1: Rango contribucion del criterio | N1: Porcentaje Contribución | O1: Puntuación inicial del criterio
A2: ='Tabla Resultados MOT'!F3 -> MOT.1.1 | B2: ='Tabla Resultados MOT'!G3 -> IV-A Elemento estructurante del territorio | F2: ='Tabla Resultados MOT'!J3 -> 0.0069444444
J3: Baja | K3: Moderada | L3: Sustancial
J4: =(F5/3) -> 0.0005787037 | K4: =(F5/3)*2 -> 0.0011574074 | L4: =(F5/3)*3 -> 0.0017361111
B5: La ordenación se vertebra mediante infraestructura verde y azul | F5: =$F$2/4 -> 0.0017361111 | G5: Sí | H5: =IF(G5="Sí",1)+IF(G5="No",0) -> 1 | I5: ver MOT 1.1 | M5: 3 | N5: =INDEX(J4:L4,M5) -> 0.0017361111 | O5: =N5*H5 -> 0.0017361111 | AA5: 1
J6: =(F7/3) -> 0.0005787037 | K6: =(F7/3)*2 -> 0.0011574074 | L6: =(F7/3)*3 -> 0.0017361111
B7: La ordenación planteada conserva, preserva, recupera y mejora los ecosistemas naturales vulnerables al cambio climático | F7: =$F$2/4 -> 0.0017361111 | G7: Sí | H7: =IF(G7="Sí",1)+IF(G7="No",0) -> 1 | I7: ver MOT 1.1 | M7: 3 | N7: =INDEX(J6:L6,M7) -> 0.0017361111 | O7: =N7*H7 -> 0.0017361111
I8: ver MOT 1.1 | J8: =(F9/3) -> 0.0005787037 | K8: =(F9/3)*2 -> 0.0011574074 | L8: =(F9/3)*3 -> 0.0017361111
B9: Se establecen acciones para la implantación / potenciación de una red de infraestructura verde y azul | F9: =$F$2/4 -> 0.0017361111 | G9: Sí | H9: =IF(G9="Sí",1)+IF(G9="No",0) -> 1 | I9: ver MOT 1.1 | M9: 3 | N9: =INDEX(J8:L8,M9) -> 0.0017361111 | O9: =N9*H9 -> 0.0017361111
I10: ver MOT 1.1 | J10: =(F11/3) -> 0.0005787037 | K10: =(F11/3)*2 -> 0.0011574074 | L10: =(F11/3)*3 -> 0.0017361111
B11: La I-VA está conformada por corredores naturales o artificiales que conecten el espacio natural, el suelo urbanizado y el suelo agrario. | F11: =$F$2/4 -> 0.0017361111 | G11: Sí | H11: =IF(G11="Sí",1)+IF(G11="No",0) -> 1 | I11: ver MOT 1.1 | M11: 3 | N11: =INDEX(J10:L10,M11) -> 0.0017361111 | O11: =N11*H11 -> 0.0017361111 | P11: =SUM(O5:O11) -> 0.0069444444
I12: ver MOT 1.1 | J12: =(#REF!/3) -> #REF! | K12: =(#REF!/3)*2 -> #REF! | L12: =(#REF!/3)*3 -> #REF!
F13: =SUM(F5:F12) -> 0.0069444444
F15: Peso del criterio | G15: Cumplimiento | I15: Leyenda Contribución del Criterio | J15: Contribución del criterio | M15: Rango contribucion del criterio | N15: Porcentaje Contribución | O15: Puntuación inicial del criterio
A16: ='Tabla Resultados MOT'!F4 -> MOT.1.2 | B16: ='Tabla Resultados MOT'!G4 -> Servicios ecosistémicos | F16: ='Tabla Resultados MOT'!J4 -> 0.0069444444
J17: Baja | K17: Moderada | L17: Sustancial
J18: =(F19/3) -> 0.00046296296 | K18: =(F19/3)*2 -> 0.00092592593 | L18: =(F19/3)*3 -> 0.0013888889
B19: La clasificación y categorización de suelos se ha realizado en consideración a los servicios ecosistémicos que prestan | F19: =$F$16/5 -> 0.0013888889 | G19: Sí | H19: =IF(G19="Sí",1)+IF(G19="No",0) -> 1 | I19: ver MOT 1.2 | M19: 3 | N19: =INDEX(J18:L18,M19) -> 0.0013888889 | O19: =N19*H19 -> 0.0013888889
J20: =(F21/3) -> 0.00046296296 | K20: =(F21/3)*2 -> 0.00092592593 | L20: =(F21/3)*3 -> 0.0013888889
B21: En la clasificación, categorización y los usos del suelo se han tenido en cuenta aquellos cuyos servicios ecosistémicos contribuyen a la mitigación del cambio climático | F21: =$F$16/5 -> 0.0013888889 | G21: Sí | H21: =IF(G21="Sí",1)+IF(G21="No",0) -> 1 | I21: ver MOT 1.2 | M21: 3 | N21: =INDEX(J20:L20,M21) -> 0.0013888889 | O21: =N21*H21 -> 0.0013888889
I22: ver MOT 1.2 | J22: =(F23/3) -> 0.00046296296 | K22: =(F23/3)*2 -> 0.00092592593 | L22: =(F23/3)*3 -> 0.0013888889
B23: En la clasificación, categorización y los usos del suelo se han tenido en cuenta aquellos cuyos servicios ecosistémicos contribuyen a la adaptación al cambio climático | F23: =$F$16/5 -> 0.0013888889 | G23: Sí | H23: =IF(G23="Sí",1)+IF(G23="No",0) -> 1 | I23: ver MOT 1.2 | M23: 3 | N23: =INDEX(J22:L22,M23) -> 0.0013888889 | O23: =N23*H23 -> 0.0013888889
I24: ver MOT 1.2 | J24: =(F25/3) -> 0.00046296296 | K24: =(F25/3)*2 -> 0.00092592593 | L24: =(F25/3)*3 -> 0.0013888889
B25: La ordenación planteada Integra los suelos con servicios ecosistémicos en la infraestructura verde-azul | F25: =$F$16/5 -> 0.0013888889 | G25: Sí | H25: =IF(G25="Sí",1)+IF(G25="No",0) -> 1 | I25: ver MOT 1.2 | M25: 3 | N25: =INDEX(J24:L24,M25) -> 0.0013888889 | O25: =N25*H25 -> 0.0013888889
I26: ver MOT 1.2 | J26: =(F27/3) -> 0.00046296296 | K26: =(F27/3)*2 -> 0.00092592593 | L26: =(F27/3)*3 -> 0.0013888889
B27: Los usos del suelo se han establecido en consideración a la potenciación de la infraestructura verde-azul y garantizar los servicios ecosistémicos | F27: =$F$16/5 -> 0.0013888889 | G27: Sí | H27: =IF(G27="Sí",1)+IF(G27="No",0) -> 1 | I27: ver MOT 1.2 | M27: 3 | N27: =INDEX(J26:L26,M27) -> 0.0013888889 | O27: =N27*H27 -> 0.0013888889 | P27: =SUM(O19:O27) -> 0.0069444444
I28: ver MOT 1.2 | J28: =(#REF!/3) -> #REF! | K28: =(#REF!/3)*2 -> #REF! | L28: =(#REF!/3)*3 -> #REF!
F29: =SUM(F19:F28) -> 0.0069444444
F31: Peso del criterio | G31: Cumplimiento | I31: Leyenda Contribución del Criterio | J31: Contribución del criterio | M31: Rango contribucion del criterio | N31: Porcentaje Contribución | O31: Puntuación inicial del criterio
A32: ='Tabla Resultados MOT'!F5 -> MOT.1.3 | B32: ='Tabla Resultados MOT'!G5 -> Potenciación sistemas agrarios | F32: ='Tabla Resultados MOT'!J5 -> 0.0069444444
J33: Baja | K33: Moderada | L33: Sustancial
J34: =(F35/3) -> 0.00077160494 | K34: =(F35/3)*2 -> 0.0015432099 | L34: =(F35/3)*3 -> 0.0023148148
B35: El modelo de ordenación conserva, protege y potencia los sistemas agrarios | F35: =$F$32/3 -> 0.0023148148 | G35: Sí | H35: =IF(G35="Sí",1)+IF(G35="No",0) -> 1 | I35: ver MOT 1.3 | M35: 3 | N35: =INDEX(J34:L34,M35) -> 0.0023148148 | O35: =N35*H35 -> 0.0023148148
H36: =IF(G36="Sí",1)+IF(G36="No",0) -> 0 | J36: =(F37/3) -> 0.00077160494 | K36: =(F37/3)*2 -> 0.0015432099 | L36: =(F37/3)*3 -> 0.0023148148
B37: El modelo de ordenación procura la conectividad ecológica del sistema rural con los [eco]sistemas natural y urbano para garantizar los servicios ecosistémicos | F37: =$F$32/3 -> 0.0023148148 | G37: Sí | H37: =IF(G37="Sí",1)+IF(G37="No",0) -> 1 | I37: ver MOT 1.3 | M37: 3 | N37: =INDEX(J36:L36,M37) -> 0.0023148148 | O37: =N37*H37 -> 0.0023148148
H38: =IF(G38="Sí",1)+IF(G38="No",0) -> 0 | I38: ver MOT 1.3 | J38: =(F39/3) -> 0.00077160494 | K38: =(F39/3)*2 -> 0.0015432099 | L38: =(F39/3)*3 -> 0.0023148148
B39: La ordenación planteada favorece la diversificación y potenciación de las actividades agrarias y otras actividades vinculadas al sector primario ¡ de forma sostenible | F39: =$F$32/3 -> 0.0023148148 | G39: Sí | H39: =IF(G39="Sí",1)+IF(G39="No",0) -> 1 | I39: ver MOT 1.3 | M39: 3 | N39: =INDEX(J38:L38,M39) -> 0.0023148148 | O39: =N39*H39 -> 0.0023148148 | P39: =SUM(O35:O39) -> 0.0069444444
H40: =IF(G40="Sí",1)+IF(G40="No",0) -> 0 | I40: ver MOT 1.3 | J40: =(#REF!/3) -> #REF! | K40: =(#REF!/3)*2 -> #REF! | L40: =(#REF!/3)*3 -> #REF!
F41: =SUM(F35:F40) -> 0.0069444444
F43: Peso del criterio | G43: Cumplimiento | I43: Leyenda Contribución del Criterio | J43: Contribución del criterio | M43: Rango contribucion del criterio | N43: Porcentaje Contribución | O43: Puntuación inicial del criterio
A44: ='Tabla Resultados MOT'!F6 -> MOT.1.4 | B44: ='Tabla Resultados MOT'!G6 -> Desarrollo policéntrico de núcleos rurales | F44: ='Tabla Resultados MOT'!J6 -> 0.0069444444
J45: Baja | K45: Moderada | L45: Sustancial
J46: =(F47/3) -> 0.0005787037 | K46: =(F47/3)*2 -> 0.0011574074 | L46: =(F47/3)*3 -> 0.0017361111
B47: La ordenación planteada potencia los núcleos poblacionales del ámbito rural garantizando la calidad de vida de la población y su desarrollo en igualdad de oportunidades | F47: =$F$44/4 -> 0.0017361111 | G47: Sí | H47: =IF(G47="Sí",1)+IF(G47="No",0) -> 1 | I47: ver MOT 1.4 | M47: 3 | N47: =INDEX(J46:L46,M47) -> 0.0017361111 | O47: =N47*H47 -> 0.0017361111
H48: =IF(G48="Sí",1)+IF(G48="No",0) -> 0 | J48: =(F49/3) -> 0.0005787037 | K48: =(F49/3)*2 -> 0.0011574074 | L48: =(F49/3)*3 -> 0.0017361111
B49: La ordenación planteada se orienta al reacoplamiento del metabolismo rural al metabolismo territorial y garantizar la demanda de los servicios esenciales (energía, telecomunicaciones, agua, residuos) de los núcleos rurales en igualdad de oportunidades | F49: =$F$44/4 -> 0.0017361111 | G49: Sí | H49: =IF(G49="Sí",1)+IF(G49="No",0) -> 1 | I49: ver MOT 1.4 | M49: 3 | N49: =INDEX(J48:L48,M49) -> 0.0017361111 | O49: =N49*H49 -> 0.0017361111
H50: =IF(G50="Sí",1)+IF(G50="No",0) -> 0 | I50: ver MOT 1.4 | J50: =(F51/3) -> 0.0005787037 | K50: =(F51/3)*2 -> 0.0011574074 | L50: =(F51/3)*3 -> 0.0017361111
B51: La ordenación vertebra la conectividad entre el sistema rural y el urbano | F51: =$F$44/4 -> 0.0017361111 | G51: Sí | H51: =IF(G51="Sí",1)+IF(G51="No",0) -> 1 | I51: ver MOT 1.4 | M51: 3 | N51: =INDEX(J50:L50,M51) -> 0.0017361111 | O51: =N51*H51 -> 0.0017361111
H52: =IF(G52="Sí",1)+IF(G52="No",0) -> 0 | I52: ver MOT 1.4 | J52: =(F53/3) -> 0.0005787037 | K52: =(F53/3)*2 -> 0.0011574074 | L52: =(F53/3)*3 -> 0.0017361111
B53: La ordenación favorece la diversificación de las actividades vinculadas al medio rural | F53: =$F$44/4 -> 0.0017361111 | G53: Sí | H53: =IF(G53="Sí",1)+IF(G53="No",0) -> 1 | I53: ver MOT 1.4 | M53: 3 | N53: =INDEX(J52:L52,M53) -> 0.0017361111 | O53: =N53*H53 -> 0.0017361111 | P53: =SUM(O47:O54) -> 0.0069444444
H54: =IF(G54="Sí",1)+IF(G54="No",0) -> 0 | I54: ver MOT 1.4 | J54: =(#REF!/3) -> #REF! | K54: =(#REF!/3)*2 -> #REF! | L54: =(#REF!/3)*3 -> #REF!
F55: =SUM(F47:F54) -> 0.0069444444
F57: Peso del criterio | G57: Cumplimiento | I57: Leyenda Contribución del Criterio | J57: Contribución del criterio | M57: Rango contribucion del criterio | N57: Porcentaje Contribución | O57: Puntuación inicial del criterio
A58: ='Tabla Resultados MOT'!F7 -> MOT.1.5 | B58: ='Tabla Resultados MOT'!G7 -> Ocupación del suelo y distribución de usos eficiente | F58: ='Tabla Resultados MOT'!J7 -> 0.0069444444
J59: Baja | K59: Moderada | L59: Sustancial
J60: =(F61/3) -> 0.00077160494 | K60: =(F61/3)*2 -> 0.0015432099 | L60: =(F61/3)*3 -> 0.0023148148
B61: La ordenación plantea una ocupación eficiente del suelo, reduciendo la superficie de suelo artificial por habitante | F61: =$F$58/3 -> 0.0023148148 | G61: Sí | H61: =IF(G61="Sí",1)+IF(G61="No",0) -> 1 | I61: ver MOT 1.5 | M61: 3 | N61: =INDEX(J60:L60,M61) -> 0.0023148148 | O61: =N61*H61 -> 0.0023148148
H62: =IF(G62="Sí",1)+IF(G62="No",0) -> 0 | J62: =(F63/3) -> 0.00077160494 | K62: =(F63/3)*2 -> 0.0015432099 | L62: =(F63/3)*3 -> 0.0023148148
B63: El modelo de ordenación del sistema urbano se orienta por los principios de la Estrategia canaria de Acción Climática | F63: =$F$58/3 -> 0.0023148148 | G63: Sí | H63: =IF(G63="Sí",1)+IF(G63="No",0) -> 1 | I63: ver MOT 1.5 | M63: 3 | N63: =INDEX(J62:L62,M63) -> 0.0023148148 | O63: =N63*H63 -> 0.0023148148
H64: =IF(G64="Sí",1)+IF(G64="No",0) -> 0 | I64: ver MOT 1.5 | J64: =(F65/3) -> 0.00077160494 | K64: =(F65/3)*2 -> 0.0015432099 | L64: =(F65/3)*3 -> 0.0023148148
B65: El [eco]sistema urbano se estructura a través de la infraestructura verde-azul y se potencia su renaturalización | F65: =$F$58/3 -> 0.0023148148 | G65: Sí | H65: =IF(G65="Sí",1)+IF(G65="No",0) -> 1 | I65: ver MOT 1.5 | M65: 3 | N65: =INDEX(J64:L64,M65) -> 0.0023148148 | O65: =N65*H65 -> 0.0023148148 | P65: =SUM(O61:O65) -> 0.0069444444
H66: =IF(G66="Sí",1)+IF(G66="No",0) -> 0 | I66: ver MOT 1.5 | J66: =(#REF!/3) -> #REF! | K66: =(#REF!/3)*2 -> #REF! | L66: =(#REF!/3)*3 -> #REF!
F67: =SUM(F61:F66) -> 0.0069444444
F69: Peso del criterio | G69: Cumplimiento | I69: Leyenda Contribución del Criterio | J69: Contribución del criterio | M69: Rango contribucion del criterio | N69: Porcentaje Contribución | O69: Puntuación inicial del criterio
A70: ='Tabla Resultados MOT'!F8 -> MOT.1.6 | B70: ='Tabla Resultados MOT'!G8 -> Sistema urbano con estructura policéntrica, compacto, complejo y eficiente | F70: ='Tabla Resultados MOT'!J8 -> 0.0069444444
J71: Baja | K71: Moderada | L71: Sustancial
J72: =(F73/3) -> 0.00077160494 | K72: =(F73/3)*2 -> 0.0015432099 | L72: =(F73/3)*3 -> 0.0023148148
B73: El sistema urbano se conforma como una estructura policéntrica y vertebrada jerárquicamente que garantiza el acceso a los servicios esenciales, reduciendo las necesidades de movilidad | F73: =$F$70/3 -> 0.0023148148 | G73: Sí | H73: =IF(G73="Sí",1)+IF(G73="No",0) -> 1 | I73: ver MOT 1.6 | M73: 3 | N73: =INDEX(J72:L72,M73) -> 0.0023148148 | O73: =N73*H73 -> 0.0023148148
H74: =IF(G74="Sí",1)+IF(G74="No",0) -> 0 | J74: =(F75/3) -> 0.00077160494 | K74: =(F75/3)*2 -> 0.0015432099 | L74: =(F75/3)*3 -> 0.0023148148
B75: La ordenación se orienta hacia los núcleos compactos en su morfología y complejos en su organización | F75: =$F$70/3 -> 0.0023148148 | G75: Sí | H75: =IF(G75="Sí",1)+IF(G75="No",0) -> 1 | I75: ver MOT 1.6 | M75: 3 | N75: =INDEX(J74:L74,M75) -> 0.0023148148 | O75: =N75*H75 -> 0.0023148148
H76: =IF(G76="Sí",1)+IF(G76="No",0) -> 0 | I76: ver MOT 1.6 | J76: =(F77/3) -> 0.00077160494 | K76: =(F77/3)*2 -> 0.0015432099 | L76: =(F77/3)*3 -> 0.0023148148
B77: La ordenación se orienta hacia los núcleos metabólicamente eficientes | F77: =$F$70/3 -> 0.0023148148 | G77: Sí | H77: =IF(G77="Sí",1)+IF(G77="No",0) -> 1 | I77: ver MOT 1.6 | M77: 3 | N77: =INDEX(J76:L76,M77) -> 0.0023148148 | O77: =N77*H77 -> 0.0023148148 | P77: =SUM(O73:O78) -> 0.0069444444
H78: =IF(G78="Sí",1)+IF(G78="No",0) -> 0 | I78: ver MOT 1.6 | J78: =(#REF!/3) -> #REF! | K78: =(#REF!/3)*2 -> #REF! | L78: =(#REF!/3)*3 -> #REF!
F79: =SUM(F73:F78) -> 0.0069444444
F81: Peso del criterio | G81: Cumplimiento | I81: Leyenda Contribución del Criterio | J81: Contribución del criterio | M81: Rango contribucion del criterio | N81: Porcentaje Contribución | O81: Puntuación inicial del criterio
A82: ='Tabla Resultados MOT'!F9 -> MOT.2.1 | B82: ='Tabla Resultados MOT'!G9 -> Modelo de ordenación orientado a la neutralidad climática | F82: ='Tabla Resultados MOT'!J9 -> 0.029166667
J83: Baja | K83: Moderada | L83: Sustancial
J84: =(F85/3) -> 0.0032407407 | K84: =(F85/3)*2 -> 0.0064814815 | L84: =(F85/3)*3 -> 0.0097222222
B85: El modelo de ordenación contribuye a la mitigación del Cambio Climático | F85: =$F$82/3 -> 0.0097222222 | G85: Sí | H85: =IF(G85="Sí",1)+IF(G85="No",0) -> 1 | I85: ver MOT 2.1 | M85: 3 | N85: =INDEX(J84:L84,M85) -> 0.0097222222 | O85: =N85*H85 -> 0.0097222222
H86: =IF(G86="Sí",1)+IF(G86="No",0) -> 0 | J86: =(F87/3) -> 0.0032407407 | K86: =(F87/3)*2 -> 0.0064814815 | L86: =(F87/3)*3 -> 0.0097222222
B87: Impulsa las acciones territoriales sostenibles que favorezcan los sumideros de carbono | F87: =$F$82/3 -> 0.0097222222 | G87: Sí | H87: =IF(G87="Sí",1)+IF(G87="No",0) -> 1 | I87: ver MOT 2.1 | M87: 3 | N87: =INDEX(J86:L86,M87) -> 0.0097222222 | O87: =N87*H87 -> 0.0097222222
H88: =IF(G88="Sí",1)+IF(G88="No",0) -> 0 | I88: ver MOT 2.1 | J88: =(F89/3) -> 0.0032407407 | K88: =(F89/3)*2 -> 0.0064814815 | L88: =(F89/3)*3 -> 0.0097222222
B89: El modelo de ordenación favorece la reducción de las emisiones de GEI | F89: =$F$82/3 -> 0.0097222222 | G89: Sí | H89: =IF(G89="Sí",1)+IF(G89="No",0) -> 1 | I89: ver MOT 2.1 | M89: 3 | N89: =INDEX(J88:L88,M89) -> 0.0097222222 | O89: =N89*H89 -> 0.0097222222 | P89: =SUM(O85:O89) -> 0.029166667
H90: =IF(G90="Sí",1)+IF(G90="No",0) -> 0 | I90: ver MOT 2.1 | J90: =(#REF!/3) -> #REF! | K90: =(#REF!/3)*2 -> #REF! | L90: =(#REF!/3)*3 -> #REF!
F91: =SUM(F85:F90) -> 0.029166667
F93: Peso del criterio | G93: Cumplimiento | I93: Leyenda Contribución del Criterio | J93: Contribución del criterio | M93: Rango contribucion del criterio | N93: Porcentaje Contribución | O93: Puntuación inicial del criterio
A94: ='Tabla Resultados MOT'!F10 -> MOT.2.2 | B94: ='Tabla Resultados MOT'!G10 -> Transición ecológica justa | F94: ='Tabla Resultados MOT'!J10 -> 0.0125
J95: Baja | K95: Moderada | L95: Sustancial
J96: =(F97/3) -> 0.0041666667 | K96: =(F97/3)*2 -> 0.0083333333 | L96: =(F97/3)*3 -> 0.0125
B97: El planeamiento urbanístico como vehículo para la descarbonización de los sectores emisores, coadyuvando a la transición ecológica justa | F97: =$F$94/1 -> 0.0125 | G97: Sí | H97: =IF(G97="Sí",1)+IF(G97="No",0) -> 1 | I97: ver MOT 2.1 | M97: 3 | N97: =INDEX(J96:L96,M97) -> 0.0125 | O97: =N97*H97 -> 0.0125 | P97: =SUM(O97:O98) -> 0.0125
H98: =IF(G98="Sí",1)+IF(G98="No",0) -> 0 | J98: =(#REF!/3) -> #REF! | K98: =(#REF!/3)*2 -> #REF! | L98: =(#REF!/3)*3 -> #REF!
F99: =SUM(F97:F98) -> 0.0125
F101: Peso del criterio | G101: Cumplimiento | I101: Leyenda Contribución del Criterio | J101: Contribución del criterio | M101: Rango contribucion del criterio | N101: Porcentaje Contribución | O101: Puntuación inicial del criterio
A102: ='Tabla Resultados MOT'!F11 -> MOT.3.1 | B102: ='Tabla Resultados MOT'!G11 -> Ocupación del suelo racional y equilibrada. Regeneración frente a expansión | F102: ='Tabla Resultados MOT'!J11 -> 0.025
J103: Baja | K103: Moderada | L103: Sustancial
J104: =(F105/3) -> 0.0013888889 | K104: =(F105/3)*2 -> 0.0027777778 | L104: =(F105/3)*3 -> 0.0041666667
B105: El modelo de ordenación establece una distribución eficiente de los usos en el territorio, teniendo en cuenta los principios de la Estrategia Canaria de Acción Climática | F105: =$F$102/6 -> 0.0041666667 | G105: Sí | H105: =IF(G105="Sí",1)+IF(G105="No",0) -> 1 | I105: ver MOT 3.1 | M105: 3 | N105: =INDEX(J104:L104,M105) -> 0.0041666667 | O105: =N105*H105 -> 0.0041666667
H106: =IF(G106="Sí",1)+IF(G106="No",0) -> 0 | J106: =(F107/3) -> 0.0013888889 | K106: =(F107/3)*2 -> 0.0027777778 | L106: =(F107/3)*3 -> 0.0041666667
B107: El modelo de ordenación prioriza la regeneración del espacio ya transformado e infrautilizado, obsoleto o degradado frente a la ocupación de nuevo suelo natural o no transformado | F107: =$F$102/6 -> 0.0041666667 | G107: Sí | H107: =IF(G107="Sí",1)+IF(G107="No",0) -> 1 | I107: ver MOT 3.1 | M107: 3 | N107: =INDEX(J106:L106,M107) -> 0.0041666667 | O107: =N107*H107 -> 0.0041666667
H108: =IF(G108="Sí",1)+IF(G108="No",0) -> 0 | I108: ver MOT 3.1 | J108: =(F109/3) -> 0.0013888889 | K108: =(F109/3)*2 -> 0.0027777778 | L108: =(F109/3)*3 -> 0.0041666667
...

Sheet MOT 1.1
B2: ='Tabla Resultados MOT'!F3 -> MOT.1.1 | C2: ='Tabla Resultados MOT'!G3 -> IV-A Elemento estructurante del territorio
C5: La ordenación se vertebra mediante infraestructura verde y azul
K6: *Realizar sumatoria de puntos
D7: Se ha diseñado la infraestructura verde azul considerando los siguientes elementos de valor ecológico:
D8: Los servicios de los ecosistemas y la biodiversidad | M8: 1 pto
D9: Los procesos ecológicos, especialmente los vinculados a la conectividad ecológicas y los procesos hidrológicos | M9: 1 pto
D10: La multifuncionalidad de la infraestructura verde y azul | M10: 1 pto
D11: El paisaje | M11: 1 pto
D12: Los límites municipales con objeto de lograr la conectividad ecológica a nivel supramunicipal. | M12: 1 pto
D13: Los beneficios sociales para la comunidad | M13: 1 pto
D14: El patrimonio ciultural | M14: 1 pto
D15: El valor económico | M15: 1 pto
K16: PUNTUACIÓN: | L16: 1 a 3 ptos = Baja 4 a 6 ptos = Moderada 7 a 8 ptos = Sustancial
C18: La ordenación planteada conserva, preserva, recupera y mejora los ecosistemas naturales vulnerables al cambio climático
K19: *Realizar sumatoria de puntos
D20: La evaluación ambiental del Plan tiene en cuenta la identificación de acciones que permitan abordar o alcanzar:
D21: La protección, mejora y creación de hábitats ecológicos locales y los procesos para mantenerlos (incluidos el suministro de agua y su calidad; el ciclo de los nutrientes; la protección; las jerarquías de los ecosistemas, etc.), | M21: 1 pto
D22: Las oportunidades para maximizar la presencia de especies de flora y fauna en el emplazamiento o cerca de él. | M22: 1 pto
D23: La protección, mejora y creación de vías de democratización de la fauna y flora. | M23: 1 pto
D24: Los posibles daños o perturbaciones derivados del desarrollo urbanístico propuesto e implantación. | M24: 1 pto
D25: El equilibrio óptimo entre las ventajas ecológicas, sociales y económicas del desarrollo urbanístico propuesto y los daños o perturbaciones previsibles. | M25: 1 pto
D26: La protección y la mejora de los elementos de valor ecológico existentes. | M26: 1 pto
D27: La evaluación ambiental verifica una ganancia neta en biodiversidad | M27: 1 pto
K29: PUNTUACIÓN: | L29: 1 a 2 ptos = Baja 3 a 5 ptos = Moderada 5 a 7 ptos = Sustancial
C31: Se establecen acciones para la implantación/potenciación de una red de infraestructura verde y azul
D33: Se han tenido en cuenta los principios de la estrategia española de infraestructura verde, plan forestal de canarias o similares | M33: Baja
D34: Se han considerado estrategias o planes de infraestructura verde-azul insular o supramunicipales o similares | M34: Moderada
D35: El municiio cuenta con estrategia, agenda urbana o similar en el que se planifique y se establezcan acciones para la implantación de la infraestructura verde- azul y se ha coordinado la ordenación con dicho instrumento | M35: Sustancial
C37: La I-VA está conformada por corredores naturales o artificiales que conecten el espacio natural, el suelo urbanizado y el suelo agrario.
C39: MOT-IND-2 | D39: Extensión de ecosistemas antrópicos de valor para la biodiversidad
D40: La extensión de los sistemas antrópicos de interés sobre la superficie artificial total es menor del 40% | M40: Baja
D41: La extensión de los sistemas antrópicos de interés sobre la superficie artificial total está entre el 40% y el 60 % | M41: Moderada
D42: La extensión de los sistemas antrópicos de interés sobre la superficie artificial total es superior al 60 % | M42: Sustancial

Sheet MOT 1.2 
B2: ='Tabla Resultados MOT'!F4 -> MOT.1.2 | C2: ='Tabla Resultados MOT'!G4 -> Servicios ecosistémicos
C5: La clasificación y categorización de suelos se ha realizado en consideración a los servicios ecosistémicos que prestan los suelos
D7: La ordenación planteada ha considerado menos del 50 % de los servicios ecosistémicos del territorio. | M7: Baja
D8: La ordenación planteada ha considerado el 50% al 70 % de los servicios ecosistémicos del territorio. | M8: Moderada
D9: La ordenación planteada ha considerado más del 70% de los servicios ecosistémicos del territorio. | M9: Sustancial
C11: En la clasificación, categorización y los usos del suelo se han tenido en cuenta aquellos suelos cuyos servicios ecosistémicos contribuyen a la mitigación del cambio climático
D13: La clasificación de suelo protege los sumideros de carbono únicamente mediante las diferentes categorías de protección ambiental. | M13: Baja
D14: La clasificación y categorización de suelo y la ordenación de usos protege y potencia los sumideros de carbono mediante las diferentes categorías de protección ambiental y económica. | M14: Moderada
D15: La clasificación de suelo y la ordenación de usos protege y potencia los sumideros de carbono en todas las clases y categorías de suelo | M15: Sustancial
C17: En la clasificación, categorización y los usos del suelo se han tenido en cuenta aquellos suelos cuyos servicios ecosistémicos contribuyen a la adaptación al cambio climático
D19: La clasificación, categorización, calificación de suelo y la ordenación de usos favorecen la resiliencia únicamente de los suelos urbanos | M19: Baja
D20: La clasificación, categorización, calificación de suelo y la ordenación de usos favorecen la resiliencia de los suelos urbanos y urbanizables | M20: Moderada
D21: La clasificación, categorización, calificación de suelo y la ordenación de usos favorecen la resiliencia de todas las clases y categorias de suelo | M21: Sustancial
C23: Integración de los suelos con servicios ecosistémicos en la infraestructura verde-azul
D25: Se han integrado en la infraestructura verde-azul los suelos con servicios ecosistémicos únicamente en el sistema natural | M25: Baja
D26: Se han integrado en la infraestructura verde-azul los suelos con servicios ecosistémicos del sistema natural y del sistema rural procurando su conectividad territorial | M26: Moderada
D27: Se han integrado en la infraestructura verde-azul los suelos con servicios ecosistémicos del sistema natural, el sistema rural y el sistema urbano procurando su conectividad territorial | M27: Sustancial
C29: Los usos del suelo se han establecido en consideración a la potenciación de la infraestructura verde-azul y garantizar los servicios ecosistémicos
C31: MOT-IND-1 | D31: Extensión de ecosistemas naturales
D32: La ordenación planteada prevé la conservación de los ecosistemas naturales del municipio | M32: Baja
D33: La ordenación planteada prevé el crecimiento de los ecosistemas naturales del municipio hasta en un 10% de la superficie municipal | M33: Moderada
D34: La ordenación planteada prevé el crecimiento de los ecosistemas naturales del municipio en más de un 10% de la superficie municipal | M34: Sustancial

Sheet MOT 1.3
B2: ='Tabla Resultados MOT'!F5 -> MOT.1.3 | C2: ='Tabla Resultados MOT'!G5 -> Potenciación sistemas agrarios
C5: El modelo de ordenación conserva, protege y potencia los sistemas agrarios
K6: *Realizar sumatoria de puntos
D7: La ordenación planteada favorece la conservación de los suelos con valores agrarios y forestales y la potenciación del desarrollo de los mismos
D8: La ordenación planteada evita la pérdida de suelo agrario, teniendo en consideración el cambio climático | M8: 1 pto
D9: La ordenación planteada considera la no alteración del correcto funcionamiento del metabolismo territorial, considerando la disponibilidad de los recursos naturales, en especial, los hídricos. | M9: 1 pto
D10: Las clasificación y categorización de suelo identifica los terrenos con valores agrarios y se establecen determinaciones que favorecen las actividades agropecuarias que en ellos se desarrollan, considerando sus vulnerabilidades frente al cambio climático. | M10: 1 pto
D11: El plan delimita y protege las áreas de suelo agrario periurbano, las zonas calificadas como paisajes agrarios y las zonas de huerta y vega situadas en los límites urbanos y establece determinaciones enfocadas a la limitación de su transformación como suelos artificiales | M11: 1 pto
D12: Se establecen determinaciones para garantizar los requisitos necesarios para la sostenibilidad de la agricultura, instalaciones agroganaderas, etc.., regulando las infraestructuras e instalaciones necesarias para el correcto desarrollo de las mismas, teniendo en consideración los previsibles efectos del cambio climático | M12: 1 pto
D13: La ordenación del Plan se establece bajo los criterios de la Estrategia Canaria de Acción Climáticalos principios de la Estrategia Canaria de Acción Climática en lo relativo a los temas tratados en este punto | M13: 1 pto
K15: PUNTUACIÓN: | L15: 1 a 2 ptos = Baja 4 a 6 ptos = Moderada 7 a 8 ptos = Sustancial
C17: El modelo de ordenación procura la conectividad ecológica del sistema rural con los [eco]sistemas natural y urbano para garantizar los servicios ecosistémicos
K18: *Realizar sumatoria de puntos
D19: La ordenación planteada aprovecha y potencia los servicios ecosistémicos y los cobeneficios que ofrecen la actividad agraria y forestal. | M19: 1 pto
D20: La ordenación planteada favorece la resiliencia de las explotaciones agrarias, forestales y/o las instalaciones asociadas a la acuicultura. | M20: 1 pto
D21: La ordenación planteada potencia la renaturalización de las zonas de transición entre ecosistemas y zonas más antropizadas del sistema rural. | M21: 1 pto
D22: La ordenación asegura los servicios ecosistémicos necesarios para dotar a los entornos rurales y agrosistemas de una mayor resiliencia fundamentada en la adaptación por medio de las soluciones basadas en la naturaleza (SbN); y por su potencial como sumidero de carbono. | M22: 1 pto
K24: PUNTUACIÓN: | L24: 1 pto = Baja 2 a 3 ptos = Moderada 4 ptos = Sustancial
C26: La ordenación planteada favorece la diversificación y potenciación de las actividades agrarias y otras actividades vinculadas al sector primario de forma sostenible
K27: *Realizar sumatoria de puntos
D28: Las determinaciones urbanísticas que se le asignen a las distintas categorías de suelo rústico permitirán el correcto desarrollo de la actividad agropecuaria y forestal, favoreciendo el ajuste de las mismas a las políticas sectoriales que impulsen el mantenimiento de la actividad y su desarrollo, teniendo en cuenta las necesidades de adaptación de la misma a los efectos del cambio climático. | M28: 1 pto
D29: En el caso de los suelos con valores ambientales, lo anterior se hace de manera compatible con la preservación de esos valores y la integración en el paisaje. | M29: 1 pto
D30: La ordenación tiene en cuenta la importancia del paisaje rural y de los servicios ecosistémicos que el desarrollo de la agricultura puede aportar, en aras de evitar el abandono de la actividad y la pérdida de los suelos. | M30: 1 pto
D31: Se establecen determinaciones para la potenciación de la multifuncionalidad del espacio rural y favorecer las sinergias entre las distintas actividades y la economía circular. | M31: 1 pto
D32: Se establecen determinaciones para incrementar la eficiencia energética de las actividades. | M32: 1 pto
D33: Se establecen determinaciones para minimizar la contaminación de los suelos. | M33: 1 pto
D34: Se establecen determinaciones para la potenciación de la multifuncionalidad, buscando opciones sostenibles para la diversificación de la actividad agraria, de manera que se coadyuve al mantenimiento y fortalecimiento de las mismas a través de los cobeneficios que puede ofrecer la diversificación de las actividades económicas para robustecer el sistema rural. | M34: 1 pto
K36: PUNTUACIÓN: | L36: 1 a 2 ptos = Baja 3 a 5 ptos = Moderada 6 a 7 ptos = Sustancial

Sheet MOT 1.4
B2: ='Tabla Resultados MOT'!F6 -> MOT.1.4 | C2: ='Tabla Resultados MOT'!G6 -> Desarrollo policéntrico de núcleos rurales
C5: La ordenación planteada potencia los núcleos poblacionales del ámbito rural garantizando la calidad de vida de la población y su desarrollo en igualdad de oportunidades.
D7: La ordenación establece nuevas centralidades y procura la configuración de agrupaciones de asentamientos que, bajo criterios de proximidad, puedan compartir servicios y equipamientos de forma que se garanticen la ccesibilidad de menos del 50% de población rural al menos a cuatro servicios básicos cotidianos y de proximidad a una distancia inferior de 600 m, y la accesibilidad al menos a cuatro equipamientos/dotaciones básicas en un recorrido que conlleve un tiempo máximo de desplazamiento de 15min en transporte público, además de la conectividad con grandes centros en un tiempo máximo de desplazamiento de 45 min en transporte público | M7: Baja
D8: La ordenación establece nuevas centralidades y procura la configuración de agrupaciones de asentamientos que bajo criterios de proximidad, puedan compartir servicios y equipamientos de forma que se garantizan la accesibilidad de más del 50 % - 80% de la población rural al menos cuatro servicios básicos cotidianos y de proximidad a una distancia inferior de 600 m y la accesibilidad al menos a cuatro equipamientos/dotaciones básicas en un recorrido que conlleve un tiempo máximo de desplazamiento de 15min en transporte público y conectividad con grandes centros en un tiempo máximo de desplazamiento de 45 min en transporte público | M8: Moderada
D9: La ordenación establece nuevas centralidades y procura la configuración de agrupaciones de asentamientos que, bajo criterios de proximidad, puedan compartir servicios y equipamientos de forma que se garanticen la accesibilidad de más del 50 % - 80% de la población rural al menos cuatro servicios básicos cotidianos y de proximidad a una distancia inferior de 600 m, y la accesibilidad al menos a cuatro equipamientos/dotaciones básicas en un recorrido que conlleve un tiempo máximo de desplazamiento de 15min en transporte público, así como la conectividad con grandes centros en un tiempo máximo de desplazamiento de 45 min en transporte público | M9: Sustancial
C11: La ordenación planteada se orienta al reacoplamiento del metabolismo rural al metabolismo territorial y garantizar la demanda de los servicios esenciales (energía, telecomunicaciones, agua, residuos) de los núcleos rurales en igualdad de oportunidades.
K12: *Realizar sumatoria de puntos
D13: La ordenación planteada considera las necesidades metabólicas de provisión de energía y se apoya en una estrategia energética basada en las energías renovables que contempla las necesidades del sistema rural y núcleos rurales | M13: 1 pto
D14: La ordenación planteada considera las necesidades metabólicas de provisión de agua del sistema rural y los núcleos rurales y se apoya en una estrategia hídrica. | M14: 1 pto
D15: La ordenación está orientada a la autosuficiencia conectada energética e hídrica del sistema rural y núcleos rurales | M15: 2 pto
D16: La ordenación planteada favorece el acceso de la población rural a las telecomunicaciones en igualdad de oportunidades | M16: 2 pto
D17: En la ordenación planteada se contempla el Principio de proximidad en relación a los servicios esenciales (energía, telecomunicaciones y agua) | M17: 2 pto
D18: La ordenación planteada considera las necesidades metabólicas de gestión de los residuos potenciando la economía circular y la jerarquía de residuos | M18: 2 pto
D19: La ordenación planteada reduce el sellado de los suelos y la pérdida de estos para la actividad agropecuaria o forestal. | M19: 2 pto
D20: La ordenación planteada procura la integración en el medio y en el paisaje de las infraestructuras de servicios. | M20: 1 pto
D21: Se contemplan las medidas ambientales necesarias para el refuerzo de la funcionalidad de los ecotonos para aquellos suelos que vayan a ser transformados. | M21: 1 pto
D22: La ordenación del Plan se establece bajo los criterios de la Estrategia Canaria de Acción Climáticalos principios de la Estrategia Canaria de Acción Climática en lo relativo a los temas tratados en este punto | M22: 2 pto
K24: PUNTUACIÓN: | L24: 1 a 5 ptos = Baja 6 a 11 ptos = Moderada 12 a 16 ptos = Sustancial
C26: La ordenación vertebra la conectividad entre el sistema rural y el urbano
D28: El plan se apoya en un Plan de movilidad sostenible que considera las necesidades de los residentes, trabajadores, visitantes y actividades de las zonas rurales. | M28: Baja
D29: Además el plan se apoya en un Plan de transporte público que considera las necesidades de los residentes, trabajadores, visitantes y actividades de las zonas rurales de manera sostenible. | M29: Moderada
D30: Además de lo anterior, la ordenación establecida garantiza la conectividad de las zonas rurales a los servicios y equipamientos de los núcleos urbanos con papel de centralidad, mediante transporte público sostenible y eficaz en un tiempo máximo de 30 min | M30: Sustancial
C32: La ordenación favorece la diversificación de las actividades vinculadas al medio rural
D34: Las determinaciones de ordenación y los usos y actividades se han establecido en base a las necesidades para el correcto desarrollo de la actividad agraria y otras actividades complementarias que se puedan desarrollar en el sistema rural. | M34: Baja
D35: Las determinaciones de ordenación y los usos y actividades se han establecido en base a las necesidades para el correcto desarrollo de la actividad agraria y otras actividades que se desarrollan en el sistema rural y a la diversificación de actividades económicas que contribuyan al progreso de la población rural. | M35: Moderada
D36: Las determinaciones de ordenación y los usos y actividades se han establecido en base a las necesidades para el correcto desarrollo de la actividad agraria y otras actividades que se puedan desarrollar en el sistema rural y a la diversificación de actividades económicas que contribuyan al progreso de la población rural, teniendo como objetivo la puesta en producción la totalidad del sistema agrícola de su territorio y el mantenimiento de la calidad de vida y servicios de la población rural de manera sostenible | M36: Sustancial

Sheet MOT 1.5
B2: ='Tabla Resultados MOT'!F7 -> MOT.1.5 | C2: ='Tabla Resultados MOT'!G7 -> Ocupación del suelo y distribución de usos eficiente
C5: La ordenación planteada potencia los núcleos poblacionales del ámbito rural garantizando la calidad de vida de la población y su desarrollo en igualdad de oportunidades.
C7: MOT-IND-5 | D7: Superficie artificial por habitante
D8: La ordenación prevé una superficie artificial mayor de 300 m2 por habitante | M8: Baja
D9: La ordenación prevé una superficie artificial de 300 m2 por habitante | M9: Moderada
D10: La ordenación prevé una superficie artificial menor de 300 m2 por habitante | M10: Sustancial
C12: El modelo de ordenación del sistema urbano se orienta por los principios de la Estrategia canaria de Acción Climática.
K13: *Realizar sumatoria de puntos
D14: El modelo de ordenación se apoya en un Plan de movilidad urbana sostenible y en un Plan de transporte público, bajo los criterios de la Estrategia Canaria de Acción Climática | M14: 1 pto
D15: La distribución y localización de los usos del sistema urbano se realiza de manera justa e inclusiva, procurando la accesibilidad a los servicios y calidad de vida a la población, sin distinción por razones de origen, género, edad, diversidad funcional u otros aspectos, y teniendo en cuenta la vulnerabilidad social a causa del cambio climático. | M15: 1 pto
D16: La ordenación del sistema urbano tiene en cuenta la disponibilidad de recursos naturales, procurando la integración del metabolismo urbano en los procesos metabólicos territoriales . | M16: 1 pto
D17: La ordenación del sistema urbano tiene en cuenta las condiciones y características climáticas y del entorno para la distribución de los usos en el territorio y su implantación, con la finalidad de lograr una mayor integración de los mismos y la minimización del consumo de recursos | M17: 1 pto
D18: La ordenación de sistema urbano se ha realizado en consideración de los riesgos derivados del cambio climático y las vulnerabilidades del territorio, de la población y de las actividades económicas | M18: 1 pto
D19: La ordenación del sistema urbano se orienta a la reducción de la huella de carbono que, por la menor o mayor eficiencia del metabolismo urbano o por razones de movilidad, pudiesen generar los distintos usos. | M19: 1 pto
D20: Las nuevas ocupaciones del suelo para su transformación urbana evitan la fragmentación ecológica de los sistemas naturales que las rodean. | M20: 1 pto
K22: PUNTUACIÓN: | L22: 1 a 2 ptos = Baja 3 a 5 ptos = Moderada 6 a 7 ptos = Sustancial
C24: El [eco]sistema urbano se estructura a través de la infraestructura verde-azul y se potencia su renaturalización
K25: *Realizar sumatoria de puntos
C26: MOT-IND-2 | D26: Extensión de ecosistemas antrópicos de valor para la biodiversidad
D27: La extensión de los ecosistemas antrópicos de interés es al menos un 40% de la superficie artificial total del municipio | M27: 1 pto
D28: La extensión de los ecosistemas antrópicos de interés es mayor del 40% y menor o igual al 50% de la superficie artificial total del municipio | M28: 2 ptos
D29: La extensión de los ecosistemas antrópicos de interés es mayor del 50% de la superficie artificial total del municipio | M29: 3 ptos
C30: EU-IND. 21 | D30: Índice de permeabilidad del suelo
D31: La ordenación incrementa la superficie permeable de suelo hasta un 30% | M31: 1 pto
D32: La ordenación incrementa la superficie permeable de suelo en más de 30% y hasta un 35% | M32: 2 ptos
D33: La ordenación incrementa la superficie permeable de suelo en más de un 35% | M33: 3 ptos
C34: EU-IND 6 | D34: Superficie verde por habitante
D35: Superficie verde por habitante de 10 a 12 m2/habitante | M35: 1 pto
D36: Superficie verde por habitante de 13 a 14 m2/habitante | M36: 2 ptos
D37: Superficie verde por habitante de 15 m2/habitante o superior | M37: 3 ptos
C38: MOT-IND-21 | D38: Capacidad de infiltración de suelo
D39: La I-VAu está conformada por :
D40: corredores naturales o artificiales que se conectan entre sí.. | M40: 1 pto
D41: corredores naturales o artificiales que conectan el suelo urbanizado con el [eco]sistema rural. | M41: 2 ptos
D42: corredores naturales o artificiales que conectan el suelo urbanizado con los [eco]sistemas rural y natural. | M42: 3 ptos
K44: PUNTUACIÓN: | L44: 1 a 4 ptos = Baja 5 a 8 ptos = Moderada 9 a 12 ptos = Sustancial

Sheet MOT 1.6
B2: ='Tabla Resultados MOT'!F8 -> MOT.1.6 | C2: ='Tabla Resultados MOT'!G8 -> Sistema urbano con estructura policéntrica, compacto, complejo y eficiente
C5: El sistema urbano se conforma como una estructura policéntrica y vertebrada jerárquicamente que garantiza el acceso a los servicios esenciales, reduciendo las necesidades de movilidad.
D8: La ordenación del sistema urbano garantiza la accesibilidad del 90% de población, al menos a cuatro servicios básicos cotidianos y de proximidad, a una distancia inferior de 500m, y la accesibilidad al menos cuatro tipologías de equipamientos/dotaciones básicas, en un recorrido que conlleve un tiempo máximo de desplazamiento de 15 min a pie o en modos de transporte no motorizados. (650m) | M8: Baja
D9: La ordenación del sistema urbano se realiza bajo criterios de proximidad, de manera que se garantiza la accesibilidad del 90% de la población, al menos cuatro servicios básicos cotidianos y de proximidad, a una distancia de 350 m, y la accesibilidad al menos a cuatro tipologías de equipamientos/dotaciones básicas, en un recorrido que conlleve un tiempo máximo de desplazamiento de 15min a pie o en modos de transporte no motorizados. (450m) | M9: Moderada
D10: La ordenación del sistema urbano se realiza bajo criterios de proximidad de manera que se garantiza la accesibilidad de más del 90% de la población, al menos a cuatro servicios básicos cotidianos y de proximidad, a una distancia inferior de 250 m, y la accesibilidad al menos a cuatro tipologías de equipamientos/dotaciones básicas, en un recorrido que conlleve un tiempo máximo de desplazamiento de 10 min a pie o en modos de transporte no motorizados. (350m) | M10: Sustancial
C12: La ordenación se orienta hacia los núcleos compactos en su morfología y complejos en su organización
K13: *Realizar sumatoria de puntos
C14: MOT-IND-13 | D14: Compacidad absoluta
D15: Hasta el 50% del sistema urbano presenta una compacidad absoluta mayor de 4,5 m | M15: 1 pto
D16: Más del 50% de la superficie de suelo del sistema urbano presenta una compacidad absoluta superior a 4,5 m | M16: 2 ptos
D17: El 75% de la superficie de suelo de Sistema urbano presenta una compacidad absoluta mayor de 5m | M17: 3 ptos
C18: MOT-IND-6 | D18: Dotación de servicio básico por habitante
D19: La superficie destinada para cada tipo de dotación por habitante es al menos del 75% de los valores referenciales óptimos | M19: 1 pto
D20: La superficie destinada para cada tipo de dotación por habitante se sitúa entre el 75% y el 95% de los valores referenciales óptimos | M20: 2 ptos
D21: La superficie destinada a metro cuadrado de dotación por habitante para cada tipo de dotación es superior al 95% de los valores referenciales óptimos | M21: 3 ptos
K23: PUNTUACIÓN: | L23: 1 a 2 ptos = Baja 3 a 4 ptos = Moderada 5 a 6 ptos = Sustancial
C25: La ordenación se orienta hacia los núcleos metabólicamente eficientes
K26: *Realizar sumatoria de puntos
D27: La ordenación planteada considera las necesidades metabólicas de provisión de energía y se apoya en una estrategia energética basada en las energías renovables | M27: 1 pto
D28: La ordenación planteada considera las necesidades metabólicas de provisión de agua del sistema urbano y se apoya en una estrategia hídrica orientada a la reducción de la demanda y la autosuficiencia conectada. | M28: 1 pto
D29: La ordenación está orientada a la autosuficiencia conectada energética e hídrica del sistema urbano | M29: 2 ptos
D30: La ordenación planteada favorece el acceso de la población a las telecomunicaciones en igualdad de oportunidades | M30: 2 ptos
D31: En la ordenación planteada se contempla el Principio de proximidad en relación a los servicios esenciales (energía, telecomunicaciones, agua y residuos) | M31: 2 ptos
D32: La ordenación planteada considera las necesidades metabólicas de gestión de los residuos potenciando la economía circular y la jerarquía de residuos en el sistema urbano | M32: 2 ptos
D33: La ordenación planteada establece medidas para la reducción del sellado de los suelos del sistema urbano | M33: 2 ptos
K35: PUNTUACIÓN: | L35: 1 a 4 ptos = Baja 5 a 8 ptos = Moderada 9 a 12 ptos = Sustancial
C37: El [eco]sistema urbano se estructura a través de la infraestructura verde-azul y se potencia su renaturalización
K38: *Realizar sumatoria de puntos
C39: MOT-IND-2 | D39: Extensión de ecosistemas antrópicos de valor para la biodiversidad
D40: La extensión de los ecosistemas antrópicos de interés es al menos un 40% de la superficie artificial total del municipio | M40: 1 pto
D41: La extensión de los ecosistemas antrópicos de interés es mayor del 40% y menor o igual al 50% de la superficie artificial total del municipio | M41: 2 ptos
D42: La extensión de los ecosistemas antrópicos de interés es mayor del 50% de la superficie artificial total del municipio | M42: 3 ptos
C43: EU-IND. 21 | D43: Índice de permeabilidad del suelo
D44: La ordenación incrementa la superficie permeable de suelo hasta un 30% | M44: 1 pto
D45: La ordenación incrementa la superficie permeable de suelo en más de 30% y hasta un 35% | M45: 2 ptos
D46: La ordenación incrementa la superficie permeable de suelo en más de un 35% | M46: 3 ptos
C47: EU-IND 6 | D47: Superficie verde por habitante
D48: Superficie verde por habitante de 10 a 12 m2/habitante | M48: 1 pto
D49: Superficie verde por habitante de 13 a 14 m2/habitante | M49: 2 ptos
D50: Superficie verde por habitante de 15 m2/habitante o superior | M50: 3 ptos
C51: MOT-IND-21 | D51: Capacidad de infiltración de suelo
D52: La I-VAu está conformada por :
D53: corredores naturales o artificiales que se conectan entre sí.. | M53: 1 pto
D54: corredores naturales o artificiales que conectan el suelo urbanizado con el [eco]sistema rural. | M54: 2 ptos
D55: corredores naturales o artificiales que conectan el suelo urbanizado con los [eco]sistemas rural y natural. | M55: 3 ptos
K57: PUNTUACIÓN: | L57: 1 a 4 ptos = Baja 5 a 8 ptos = Moderada 9 a 12 ptos = Sustancial

Sheet MOT 2.1
B2: ='Tabla Resultados MOT'!F9 -> MOT.2.1 | C2: ='Tabla Resultados MOT'!G9 -> Modelo de ordenación orientado a la neutralidad climática
C5: El modelo de ordenación contribuye a la mitigación del Cambio Climático
D7: El modelo de ordenación se orienta hacia la neutralidad de emisiones | M7: Baja
D8: El modelo de ordenación se orienta hacia la neutralidad climática, reduciendo las emisiones GEI y fomentando la absorción de carbono, bajo los criterios de la Estrategia Canaria de Acción Climática. | M8: Moderada
D9: El modelo de ordenación consigue el objetivo de neutralidad de emisiones establecido en la Estrategia Canaria de Acción Climática. | M9: Sustancial
C11: Impulsa las acciones territoriales sostenibles que favorezcan los sumideros de carbono
D13: El plan viabiliza el mantenimiento y conservación de los sumideros de carbono preexistentes. | M13: Baja
D14: El plan impulsa y fomenta la creación de nuevos sumideros naturales o antrópicos. | M14: Moderada
D15: El plan impulsa y fomenta la creación de nuevos sumideros naturales en toda la matriz territorial, incluido el sistema urbano, únicamente optando por Tecnologías de Emisiones Negativas como complemento para alcanzar los objetivos quinquenales marcados para el balance neto de cero de emisiones GEI en 2040 por la ECAC. | M15: Sustancial
C17: El modelo de ordenación favorece la reducción de las emisiones de GEI
D19: La ordenación planteada se orienta a la reducción de emisiones viabilizando la implantación de energías renovables | M19: Baja
D20: La ordenación planteada se orienta a la reducción de emisiones estableciendo medidas para la eficiencia energética, la implementación de energías renovables, así como la movilidad sostenible y transporte de emisiones contaminantes directas nulas | M20: Moderada
D21: La ordenación planteada se orienta a la reducción de emisiones, alcanzando los objetivos quinquenales marcados para conseguir el balance neto de cero de emisiones GEI en 2040 por la ECAC | M21: Sustancial

Sheet MOT 2.2
B2: ='Tabla Resultados MOT'!F10 -> MOT.2.2 | C2: ='Tabla Resultados MOT'!G10 -> Transición ecológica justa
C5: El planeamiento urbanístico como vehículo para la descarbonización de los sectores emisores,coadyuvando a la transición ecológica justa
D7: El plan tiene en cuenta las necesidades de algunos de los sectores emisores presentes en el ámbito, de cara a la transición ecológica, y establece medidas para viabilizar la descarbonización de los mismos. | M7: Baja
D8: El plan tiene en cuenta las necesidades de varios sectores emisores, de cara a la transición ecológica, a través de procesos de participación pública, fomentando la colaboración de los grupos de interés y la sociedad; y establece medidas para viabilizar la descarbonización de los mismos. | M8: Moderada
D9: El plan tiene en cuenta las necesidades de todos los sectores emisores, de cara a la transición ecológica, a través de procesos de participación pública, la co-creación, la coordinación institucional y el fomento de las alianzas; y establece medidas para viabilizar la descarbonización de los mismos. | M9: Sustancial

Sheet MOT 3.1
B2: ='Tabla Resultados MOT'!F11 -> MOT.3.1 | C2: ='Tabla Resultados MOT'!G11 -> Ocupación del suelo racional y equilibrada. Regeneración frente a expansión
C5: El modelo de ordenación establece una distribución eficiente de los usos en el territorio teniendo en cuenta los principios de la Estrategia Canaria de Acción Climática
K6: *Realizar sumatoria de puntos
D8: El plan se realiza sobre un estudio de las características climáticas y sus proyecciones locales, con la definición de los principales vientos y del soleamiento, así como la identificación de los potenciales riesgos derivados del cambio climático que lo afectarán a nivel local, con la escala más precisa posible. | M8: 1 pto
D9: La calificación de los distintos usos se hace teniendo en cuenta las condiciones y características climáticas y del entorno, con la finalidad de lograr una mayor integración de los mismos y la menor alteración de los procesos metabólicos territoriales. | M9: 1 pto
D10: La distribución y localización de los usos se realiza de manera justa e inclusiva, procurando la accesibilidad a los servicios y calidad de vida a la población, sin distinción por razones de origen, género, edad, diversidad funcional u otros aspectos, y teniendo en cuenta la vulnerabilidad social a causa del cambio climático. | M10: 1 pto
D11: La ordenación de los suelos se ha realizado en consideración de los riesgos derivados del cambio climático y las vulnerabilidades de la población y de las actividades económicas que en ellos se desarrollan. | M11: 1 pto
D12: Para la disposición de los suelos y la calificación de los mismos se ha tenido en cuenta la huella de carbono que, por la menor o mayor eficiencia del metabolismo urbano o por razones de movilidad, pudiesen generar los distintos usos y localizaciones. | M12: 1 pto
D13: La ordenación ha tenido en cuenta el Plan Insular y Municipal de Acción para el Clima y Energía | M13: 1 pto
D14: La ubicación de los nuevos crecimientos se hace en espacios aptos para el desarrollo urbano, por carecer de otros valores que merezcan su protección por los servicios ecosistémicos que ofrecen para el desarrollo de la actividad primaria o para la conservación de sus valores ambientales o por ser inapropiados, dada su vulnerabilidad al cambio climático. | M14: 1 pto
D15: La ordenación plantea la desclasificación o relocalización de aquellas actividades, infraestructuras y, en general, usos de suelo lesivos que comprometan la perdurabilidad de los servicios ecosistémicos. | M15: 1 pto
D16: La ordenación presta especial atención a los entornos límites urbanos y rurales inmediatos (ecotonos), resolviendo mediante soluciones basadas en la naturaleza (SbN) los impactos negativos de sus perímetros que potencian los efectos del cambio climático y la vulnerabilidad antrópica ante dicho fenómeno. | M16: 1 pto
D17: La ordenación preserva los suelos con mayores valores agrarios y favorece su puesta en uso, evitando su transformación a suelos urbanizables o destinados a la generación de energía. | M17: 1 pto
D18: La ordenación favorece el incremento de la edificabilidad y complejidad de usos en ámbitos y áreas de suelo urbano y urbanizable de baja densidad y monofuncionales. | M18: 1 pto
D19: La ordenación establece acciones encaminadas a la reducción del disperso edificatorio en el sistema rural. | M19: 1 pto
K21: PUNTUACIÓN: | L21: 1 a 4 ptos = Baja 5 a 8 ptos = Moderada 9 a 12 ptos = Sustancial
C23: El modelo de ordenación prioriza la regeneración del espacio ya transformado e infrautilizado, obsoleto o degradado frente a la ocupación de nuevo suelo natural o no transformado
C25: MOT-IND-8 | D25: Incremento de la superficie urbanizada
D26: La superficie urbanizada incrementa entre un 10% y un 5% | M26: Baja
D27: La superficie urbanizada incrementa entre un 5% y un 1% | M27: Moderada
D28: La superficie urbanizada incrementa en menos de un 1% | M28: Sustancial
C30: Se plantea una ocupación del suelo racional y equilibrada a las necesidades reales de crecimiento de las distintas actividades a implantar
D32: El nuevo suelo clasificado como urbanizable es el mínimo e imprescindible, conforme a las previsiones sociodemográficas y a las necesidades para las distintas actividades . | M32: Baja
D33: El nuevo suelo clasificado como urbanizable es el mínimo e imprescindible, conforme a las previsiones sociodemográficas y a las necesidades para las distintas actividades, priorizando la regeneración de los suelos ya transformados. | M33: Moderada
D34: El nuevo suelo clasificado como urbanizable es el mínimo e imprescindible, conforme a las previsiones sociodemográficas y a las necesidades para las distintas actividades, priorizando la regeneración de los suelos ya transformados y su densificación. | M34: Sustancial
C36: La nueva ocupación de suelos para crecimientos urbanos se realiza en base a la mejora de la eficiencia energética, la reducción de demanda hídrica y la reducción de la movilidad de vehículos privados y el principio de proximidad
K37: *Realizar sumatoria de puntos
D38: La selección y localización de los suelos urbanizables se realiza en contigüidad a los núcleos poblacionales con mayor cantidad de servicios públicos y usos terciarios. | M38: 1 pto
D39: La selección y localización de los suelos urbanizables se realiza en contigüidad a espacios residenciales monofuncionales ya ocupados y aislados territorialmente, de manera que se aporten aquellos servicios y/u otros usos de los que carecen. | M39: 1 pto
D40: La selección y localización de los suelos urbanizables se realiza en contigüidad a núcleos poblacionales con climas locales adecuados desde la idoneidad bioclimática. | M40: 1 pto
D41: La selección y localización de los suelos urbanizables se realiza en áreas que minimicen los desplazamientos de vehículos, reduzcan el consumo de energía y recursos naturales. | M41: 1 pto
D42: La selección y localización de los suelos urbanizables se realiza en contigüidad a núcleos poblacionales con climas locales adecuados desde la idoneidad bioclimática. | M42: 1 pto
D43: La selección y localización de los suelos urbanizables se realiza en áreas que minimicen los desplazamientos de vehículos, reduzcan el consumo de energía y recursos naturales. | M43: 1 pto
D44: La ubicación de los sistemas generales y equipamientos estructurantes se realiza en áreas accesibles al mayor número de población en transporte público sostenible, de manera que se minimicen los desplazamientos motorizados. | M44: 1 pto
C45: MOT-IND-9 | D45: Localización espacial de la actuación urbanística
D46: La ocupación de suelo para nuevos crecimientos se realiza bajo criterios de contigüidad e integrado en la trama urbana existente, en más de un 25 % de su perímetro. | M46: 1 pto
D47: La ocupación de suelo para nuevos crecimientos se realiza bajo criterios de contigüidad e integrado en la trama urbana existente en entre un 50 % y 89% de su perímetro | M47: 2 ptos
D48: La ocupación de suelo para nuevos crecimientos se realiza bajo criterios de contigüidad e integrado en la trama urbana existente en más de un 90 % de su perímetro | M48: 3 ptos
C49: MOT-IND-10 | D49: Conectividad de la actuación urbanística
D50: La ocupación de suelo para nuevos crecimientos se realiza bajo criterios de continuidad y conectividad con los tejidos existentes, en más de un 25 % de su perímetro | M50: 1 pto
D51: La ocupación de suelo para nuevos crecimientos se realiza bajo criterios de continuidad y conectividad con los tejidos existentes en entre un 50 % y 89% de su perímetro | M51: 2 ptos
D52: La ocupación de suelo para nuevos crecimientos se realiza bajo criterios de continuidad y conectividad con los tejidos existentes en más de un 90 % de su perímetro | M52: 3 ptos
K54: PUNTUACIÓN: | L54: 1 a 4 ptos = Baja 5 a 8 ptos = Moderada 9 a 13 ptos = Sustancial
C56: El modelo de ordenación optimiza el espacio ocupado
K57: *Realizar sumatoria de puntos
C58: MOT-IND-11 | D58: Densidad de población
D59: La densidad del suelo urbanizado es mayor de 250 hab/Ha y/o 150 plazas turísticas/Ha. | M59: 1 pto
D60: La densidad bruta del suelo urbanizado es de 350 hab/Ha y/o 175 plazas turísticas/Ha | M60: 2 ptos
D61: La densidad bruta del suelo urbanizado es mayor de mayor de 350 hab/Ha y/o 175 plazas turísticas/Ha. | M61: 3 ptos
C62: MOT-IND-12 | D62: Coeficiente de edificabilidad
D63: La edificabilidad bruta del suelo urbanizado es superior a 1,0 m2c/m2s para los nuevos crecimientos y superior a 1,3 m2c/m2s para los ámbitos de regeneración urbana. | M63: 1 pto
D64: La edificabilidad bruta del suelo urbanizado es superior a 1,1 m2c/m2s para los nuevos crecimientos y superior 1,4 m2c/m2suelo para los los ámbitos de regeneración urbana | M64: 2 ptos
D65: La edificabilidad bruta del suelo urbanizado es de 1,2 m2c/m2s para los nuevos crecimientos y de 1,5 m2c/m2suelo para los ámbitos de regeneración urbana | M65: 3 ptos
K67: PUNTUACIÓN: | L67: 1 a 2 ptos = Baja 3 a 4 ptos = Moderada 5 a 6 ptos = Sustancial
C69: La ordenación estructural se orienta a la heterogenización del territorio y al establecimiento de una complejidad funcional adecuada
K70: *Realizar sumatoria de puntos
C71: MOT-IND-14 | D71: Equilibrio entre actividad y residencia
D72: El plan prevé que en los suelos de regeneración urbana y urbanizables con destino residencial con densidad superior a 100 viv/Ha, un mínimo del 20% de la edificabilidad se destine a usos terciarios (oficinas, comercial, sector servicios, talleres de primera necesidad compatibles con el uso residencial, etc.), y en las zonas de densidad entre 60 hasta 100 hab/Ha, la superficie destinada a usos no residenciales sea, al menos, del 10 % de la superficie construida total. | M72: 1 pto
D73: El plan prevé que en los suelos de regeneración urbana y urbanizables con destino residencial con densidad superior a 100 viv/Ha, más del 20% de la edificabilidad se destine a usos terciarios (oficinas, comercial, sector servicios, talleres de primera necesidad compatibles con el uso residencial, etc.), en las zonas de densidad entre 60 hasta 100 hab/Ha, la superficie destinada a usos no residenciales sea mayor del 10% y menor del 15% de la superficie construida total, y en los suelos rurales se destine al menos 5 m2c por habitante a estos usos. | M73: 2 ptos
D74: El plan prevé que en los suelos de regeneración urbana y urbanizables con destino residencial con densidad superior a 100 viv/Ha, más del 20% de la edificabilidad se destine a usos terciarios (oficinas, comercial, sector servicios, talleres de primera necesidad compatibles con el uso residencial, etc), en las zonas de densidad entre 60 hasta 100 hab/Ha, la superficie destinada a usos no residenciales sea del 15 % al 20% de la superficie construida y en los suelos rurales se destine al menos 7 m2c por habitante a estos usos. | M74: 3 ptos
D76: La ordenación planteada evita la proliferación de espacios de uso terciario exclusivo en ámbitos de suelo monofuncionales. | M76: 1 pto
D77: La ordenación planteada evita la proliferación de espacios de uso terciario exclusivo y la concentración de los mismos en ámbitos monofuncionales , repartiendo la superficie construida no residencial de forma homogénea en los suelos de nuevo desarrallo, de manera que el porcentaje de suelo (m2 s) lucrativo no residencial (terciario exclusivo) sea superior al 20% en relación a la superficie total de suelo lucrativo, y el porcentaje de parcelas/manzanas con uso principal residencial y edificabilidad comercial/terciario en planta baja sea superior al 80%. | M77: 2 ptos
D78: La ordenación planteada evita la proliferación de espacios de uso terciario exclusivo y la concentración de los mismos en ámbitos monofuncionales, repartiendo la superficie construida no residencial de forma homogénea en los suelos de nuevo desarrallo, de manera que el porcentaje de suelo (m2 s) lucrativo no residencial (terciario exclusivo) sea superior al 20% en relación a la superficie total de suelo lucrativo y el porcentaje de parcelas/manzanas con uso principal residencial y edificabilidad comercial/terciario en planta baja sea superior al 80%; y en los suelos urbanos establece medidas para reducir la monofuncionalidad de estos espacios, incrementando la masa crítica de la población en los mismos, de manera que se incentiven intercambios y nuevas relaciones comunicativas entre personas, entes y actividades, consiguiendo además desarrollar con eficiencia las funciones urbanas ligadas a la movilidad sostenible y a la dotación de servicios, tanto en el ámbito del transporte público y de las infraestructuras ligadas a los flujos metabólicos, como de los equipamientos y servicios básicos. | M78: 3 ptos
K80: PUNTUACIÓN: | L80: 1 a 2 ptos = Baja 3 a 4 ptos = Moderada 5 a 6 ptos = Sustancial

Sheet MOT 3.2
B2: ='Tabla Resultados MOT'!F12 -> MOT.3.2 | C2: ='Tabla Resultados MOT'!G12 -> Ocupación y ordenación de los suelos hacia la eficiencia del metabolismo territorial y la movilidad sostenible
C5: La ocupación y ordenación de los suelos se orienta hacia la eficiencia del metabolismo territorial
K6: *Realizar sumatoria de puntos
D7: El plan se apoya en una estrategia hídrica o similar. | M7: 1 pto
D8: La estrategia hídrica se ha realizado bajo los criterios de la Estrategia Canaria de Acción Climática y el Plan Hidrológico Insular, y contempla el abastecimiento, la autosuficiencia hídrica y el principio de proximidad del sistema urbano. | M8: 2 ptos
D9: La estrategia hídrica se ha realizado bajo los criterios de la Estrategia Canaria de Acción Climática y el Plan Hidrológico Insular, y contempla el abastecimiento, la autosuficiencia hídrica y el principio de proximidad de los sistemas urbano y rural. | M9: 3 ptos
D10: El plan se apoya en una estrategia energética o similar. | M10: 1 pto
D11: La estrategia energética se ha realizado bajo los criterios de la Estrategia Canaria de Acción Climática y contempla el abastecimiento energético por energías renovables, la autosuficiencia energética conectada y el principio de proximidad del sistema urbano. | M11: 2 ptos
D12: La estrategia energética se ha realizado bajo los criterios de la Estrategia Canaria de Acción Climática y contempla el abastecimiento energético por energías renovables, la autosuficiencia energética conectada y el principio de proximidad de los sistemas urbano y rural. | M12: 3 ptos
D13: El plan se apoya en una estrategia de nuevas tecnologías y telecomunicaciones o similar. | M13: 1 pto
D14: La estrategia contempla el acceso y utilización de las nuevas tecnologías de los núcleos del sistema urbano. | M14: 2 ptos
D15: La estrategia contempla el acceso contempla el acceso y utilización de las nuevas tecnologías del los sistemas urbano y rural. negativos de sus perímetros que potencian los efectos del cambio climático y la vulnerabilidad antrópica ante dicho fenómeno. | M15: 3 ptos
D16: El plan se apoya en una estrategia de gestión de los residuos y economía circular o similar, realizada bajo los criterios de la Estrategia Canaria de Acción Climática. | M16: 1 pto
D17: La ordenación planteada considera las necesidades metabólicas de gestión de los residuos potenciando la economía circular y la jerarquía de residuos y el principio de proximidad en el sistema urbano. | M17: 2 ptos
D18: La ordenación planteada considera las necesidades metabólicas de gestión de los residuos potenciando la economía circular y la jerarquía de residuos y el principio de proximidad en los sistemas urbano y rural. | M18: 3 ptos
... D21: El plan urbanístico incorpora las medidas y acciones necesarias para viabilizar la estrategia de gestión de residuos y economía circular. | M21: 1 pto
K23: PUNTUACIÓN: | L23: 1 a 5 ptos = Baja 6 a 10 ptos = Moderada 11 a 15 ptos = Sustancial
C25: La ordenación se conduce hacia el re-acoplamiento del metabolismo urbano al territorio y la autosuficiencia conectada
K26: *Realizar sumatoria de puntos
D27: La calificación de los distintos usos se hace teniendo en cuenta las características del medio con la finalidad de lograr una mayor integración de los mismos y la menor alteración de los procesos metabólicos territoriales. | M27: 1 pto
D28: Además, las determinaciones de ordenación de los nuevos desarrollos se establecen teniendo presentes las características climáticas, para dar pautas a la ordenación pormenorizada considerando la ventilación urbana y el soleamiento. | M28: 2 ptos
D29: Además de lo anterior, las determinaciones de ordenación para los ámbitos de regeneración urbana se establecen teniendo presentes las características climáticas, para dar pautas a la ordenación pormenorizada considerando la ventilación urbana y el soleamiento. | M29: 3 ptos
D30: La ordenación prevé los suelos y/o superficies necesarias para la implantación de las instalaciones de energías renovables, en función de la demanda energética prevista a razón de la población, usos y actividades que se vayan a desarrollar, y teniendo en cuenta la potencialidad de los mismos para la instalación de estas infraestructuras. | M30: 1 pto
D31: Además, esta superficie de suelo se obtiene una vez descontada la superficie útil de las cubiertas de los edificios y otras superficies urbanizadas que sean susceptibles de destinarse a la captación de energías renovables, y teniendo en cuenta la potencialidad de los mismos para la instalación de estas infraestructuras. | M31: 2 ptos
D32: Además de las anteriores, la ordenación de los núcleos urbanos se orienta hacia la máxima autosuficiencia energética a partir de la reducción del consumo energético al mínimo indispensable, mediante la selección, como primera opción para el crecimiento de la población y otros usos y actividades, de los suelos urbanos (regeneración urbana) y urbanizables que posean las mejores situaciones desde el punto de vista climático y del confort ambiental (radiación, temperatura, viento, orientación, etc). | M32: 3 ptos
D33: La ordenación de los nuevos desarrollos de suelo se diseña bajo el principio de la autosuficiencia hídrica conectada, para lo que se ha cuantificado la demanda de agua potable y no potable que se estima necesaria, en relación a los usos y actividades propuestos, estableciendo las determinaciones necesarias para la viabilización de la misma. | M33: 1 pto
D34: Además la ordenación de los ámbitos de renovación urbana se diseña bajo el principio de la autosuficiencia hídrica conectada, para lo que se ha cuantificado la demanda de agua potable y no potable que se estima necesaria, en relación a los usos y actividades propuestos, estableciendo las determinaciones necesarias para la viabilización de la misma. | M34: 2 ptos
D35: Además de lo anterior, la ordenación se orienta hacia la autosuficiencia hídrica, optimizando la demanda de agua potable y favoreciendo que parte de esa demanda pueda cubrirse por agua no potable procedente del ámbito urbano (aprovechamiento de las aguas pluviales y reciclaje de aguas grises) y de los recursos hídricos locales (agua no potable subterránea), y la mejora de la calidad de las aguas para reducir su contaminación. | M35: 3 ptos
D36: La ordenación prevé los suelos necesarios para albergar las áreas reservadas para las instalaciones previstas para el almacenamiento, separación y reciclaje de los residuos, así como establece las determinaciones necesarias para que, en los nuevos desarrollos de suelo, se prevean las áreas reservadas para la implantación de una red de puntos limpios próximos a la población, así como de las infraestructuras de gestión de residuos necesarias. | M36: 1 pto
D37: Además, la ordenación prevé los suelos necesarios para albergar las áreas reservadas para las instalaciones previstas para el almacenamiento, separación y reciclaje de los residuos, así como establece las determinaciones necesarias para que, en los ámbitos de regeneración urbana, se prevean las áreas reservadas para la implantación de una red de puntos limpios próximos a la población, así como de las infraestructuras de gestión de residuos necesarias. | M37: 2 ptos
D38: Además de lo anterior, para la reserva y localización de los suelos destinados a las infraestructuras de tratamiento y gestión de residuos se ha tenido en cuenta la concentración de las mismas cerca de los centros generadores, para aportar una mayor eficiencia a lo largo del proceso, así como la posible contaminación de los suelos y su repercusión en las masas de agua. | M38: 3 ptos
... D44: Los espacios periurbanos se desarrollan como elementos estratégicos esenciales que refuerzan la resiliencia ecológica y los servicios ecosistémicos para hacer frente al cambio climático. | M44: 1 pto
K46: PUNTUACIÓN: | L46: 1 a 6 ptos = Baja 7 a 12 ptos = Moderada 13 a 18 ptos = Sustancial
C48: Reconfigura el binomio movilidad - usos del territorio para favorecer la neutralidad climática
K49: *Realizar sumatoria de puntos
D50: El plan se apoya en un Plan de movilidad y transporte sostenible (PMS) | M50: 1 pto
D51: El Plan de movilidad y transporte sostenible está coordinado con la ordenación urbanística y se ha realizado bajo los criterios de la Estrategia Canaria de Acción Climática | M51: 2 ptos
D52: El Plan de movilidad y transporte sostenible (PMS) se ha realizado bajo los criterios de la Estrategia Canaria de Acción Climática, está coordinado con la ordenación urbanística, se ha desarrollado un proceso participativo y se han mantenido reuniones con las autoridades locales, así como con responsables de carreteras y otras redes de transportes a nivel local y/o regional. | M52: 3 ptos
D53: El plan se apoya en un Plan de Transporte Público (PTP) | M53: 1 pto
D54: El PTP propone acciones coordinadas con empresas público y privadas. | M54: 2 ptos
D55: El PTP propone acciones coordinadas con empresas público y privadas, y mejora la conectividad rural y urbana, a la par y de manera equitativa e igualitaria. | M55: 3 ptos
D56: La disposición de los suelos y la calificación de los mismos se orienta a la reducción de la huella de carbono a través de una mayor eficiencia del modelo de movilidad. | M56: 1 pto
D57: La ordenación establece una estructura de núcleos urbanos basada en centralidades de carácter poli-céntrico, jerarquizada (autonómico, insular,comarcal, municipal o limitados a su propia población y la del entorno rural inmediato), apoyada en la proximidad como base de la accesibilidad no motorizada y en una red de transporte público sostenible y eficaz, que garantice a la población el acceso a los servicios y equipamientos para la adecuada satisfacción de las necesidades básicas de la vida y procurando una mayor conectividad entre el entorno rural y los núcleos urbanos, sin el protagonismo del vehículo privado. | M57: 1 pto
D58: Para la ubicación de los sistemas generales y equipamientos estructurantes se han tenido en cuenta los parámetros de movilidad para favorecer la accesibilidad al mayor volumen de población posible, bajo criterios que minimicen las necesidades de movilidad o disminuyan las distancias de recorrido para acceder a ellos desde los distintos núcleos de población. | M58: 1 pto
D59: La ordenación estructural establece determinaciones de ordenación, en los suelos urbanos de renovación y suelos urbanizables, que impliquen el desarrollo de estos ámbitos de suelo con criterios sostenibles de intensidad de uso, compacidad y mixticidad de usos para viabilizar la reducción de la movilidad motorizada. | M59: 1 pto
D60: En los suelos urbanizables de nueva creación, la ordenación pormenorizada tendrá como objetivo ubicar las dotaciones y servicios públicos en lugares accesibles, bien comunicados por el transporte público, y próximos al mayor número de habitantes, de manera que se reduzca el tránsito de vehículos privados y se fomente el tránsito peatonal. | M60: 1 pto
K62: PUNTUACIÓN: | L62: 1 a 4 ptos = Baja 5 a 9 ptos = Moderada 10 a 11 ptos = Sustancial

Sheet MOT 4.1
B2: ='Tabla Resultados MOT'!F13 -> MOT.4.1 | C2: ='Tabla Resultados MOT'!G13 -> Identificación y evaluación de riesgos, vulnerabilidades y capacidad de adaptación
C5: El plan identifica los riesgos y vulnerabilidades del territorio con respecto al cambio climático a través de una visión sistémica
D7: El plan identifica los riesgos de desastres vinculados al cambio climático. | M7: Baja
D8: El plan identifica los riesgos de desastres vinculados al cambio climático de forma local y pormenorizada. | M8: Moderada
D9: El plan cuenta con datos actualizados a escala local que permiten a los planificadores disponer del conocimiento del territorio y sus procesos, de las condiciones climáticas y sus proyecciones futuras. Además se apoyan en programas de I+D+i que permiten mecanismos como la sistematización de las parámetros obtenidos, la modelización de predicciones, el acceso a los datos abiertos, que favorecen la toma de decisiones y la adopción de medidas, de la manera más informada posible, para actuar con antelación y equidad. | M9: Sustancial
C11: El plan evalua los riesgos y vulnerabilidades con respecto al cambio climático de forma holística y transversal.
K12: *Realizar sumatoria de puntos
D13: Se realiza una evaluación de la vulnerabilidad territorial. | M13: 1 pto
D14: Se realiza una evaluación de la vulnerabilidad de los ecosistemas y las especies. | M14: 1 pto
D15: Se realiza una evaluación de la vulnerabilidad de las personas. | M15: 1 pto
D16: Se realiza una evaluación de la vulnerabilidad de los sectores y actividades económicas. | M16: 1 pto
D17: Se realiza una evaluación de la de la vulnerabilidad del patrimonio cultural. | M17: 1 pto
K19: PUNTUACIÓN: | L19: 1 a 2 ptos = Baja 3 a 4 ptos = Moderada 5 ptos = Sustancial
C21: El plan hace un diagnóstico sistémico de la capacidad de adaptación
D23: El plan realiza un diagnóstico de la capacidad de adaptación del territorio. | M23: Baja
D24: El plan realiza un diagnóstico de la capacidad de adaptación del territorio, las infraestructuras y de las actividades que en él se desarrollan. | M24: Moderada
D25: El plan realiza un diagnóstico de la capacidad de adaptación del territorio, las infraestructuras y de las actividades que en él se desarrollan y de los servicios ecosistémicos. | M25: Sustancial

Sheet MOT 4.2
B2: ='Tabla Resultados MOT'!F14 -> MOT.4.2 | C2: ='Tabla Resultados MOT'!G14 -> Ocupación del territorio resiliente: adaptada e integrada
C5: El modelo de ordenación aumenta la capacidad de adaptación y reduce la vulnerabilidad al cambio climático, teniendo en cuenta los principios de la Estrategia Canaria de Acción Climática
D7: La ordenación se apoya en el Plan de Acción Climática Insular o en el Plan Canario de Acción Climática o similar. | M7: Baja
D8: Existe un Plan de Acción Climática municipal, o similar, y la ordenación está coordinada con él. | M8: Moderada
D9: Existe un Plan de Acción Climática municipal, o similar, la ordenación está coordinada con él y, además, cuenta con proceso participativo y de concienciación, así como se contemplan las acciones de coordinación público-privada | M9: Sustancial
C11: El plan establece determinaciones y/o medidas para la reducción de las zonas vulnerables a los efectos del cambio climático
K12: *Realizar sumatoria de puntos
D14: Las superficies vulnerables por aumento de temperaturas se reducen un 20%. | M14: 1 pto
D15: Las superficies vulnerables por aumento de temperaturas se reducen entre un 21% y un 50%. | M15: 2 ptos
D16: Las superficies vulnerables por aumento de temperaturas se reducen en más de un 50%. | M16: 3 ptos
D17: Las superficies vulnerables por exposición a desprendimientos y/o deslizamientos se reducen un 20%. | M17: 1 pto
D18: Las superficies vulnerables por exposición a desprendimientos y/o deslizamientos se reducen entre un 21% y un 50%. | M18: 2 ptos
D19: Las superficies vulnerables por exposición a desprendimientos y/o deslizamientos se reducen en más de un 50%. | M19: 3 ptos
D20: Las superficies vulnerables por exposición a potenciales incendios forestales se reducen un 20%. | M20: 1 pto
D21: Las superficies vulnerables por exposición a potenciales incendios forestales se reducen entre un 21% y un 50%. | M21: 2 ptos
D22: Las superficies vulnerables por exposición a potenciales incendios forestales se reducen en mas de un 50%. | M22: 3 ptos
D23: Las superficies vulnerables por exposición a inundaciones por avenidas se reducen un 20%. | M23: 1 pto
D24: Las superficies vulnerables por exposición a inundaciones por avenidas se reducen entre un 21% y un 50%. | M24: 2 ptos
D25: Las superficies vulnerables por exposición a inundaciones por avenidas se reducen en más de un 50%. | M25: 3 ptos
... D31: Las superficies vulnerables por exposición a otros riesgos naturales (Fenómenos meteorológicos adversos, erosión del suelo, etc…) se reducen en más de un 50%. | M31: 3 ptos
K33: PUNTUACIÓN: | L33: 1 a 6 ptos = Baja 7 a 12 ptos = Moderada 13 a 18 ptos = Sustancial
C35: El Plan se orienta hacia un modelo de ordenación que fortalece la resiliencia, garantiza la calidad de vida en igualdad de oportunidades de sus habitantes y da cabida al desarrollo económico, considerando los previsibles efectos del Cambio Climático
K36: *Realizar sumatoria de puntos
C37: MOT-IND-19 | D37: Grado de exposición de la población residente en el ámbito
D38: El plan establece medidas para viabilizar la adaptación de los ámbitos con población vulnerable a los efectos del Cambio Climático, reduciendo la población en riesgo hasta en un 50%. | M38: 1 pto
D39: El plan establece medidas para llevar a cabo la adaptación de los ámbitos con población vulnerable a los efectos del Cambio Climático reduciendo la población en riesgo entre un 50% y un 70%. | M39: 2 ptos
D40: El plan establece medidas para viabilizar la adaptación de los ámbitos con población más vulnerable a los efectos del Cambio Climático reduciendo la población en riesgo en más de un 70%. | M40: 3 ptos
D41: El plan establece medidas para viabilizar la adaptación de los ámbitos con población más vulnerable a los efectos del Cambio Climático. | M41: 1 pto
D42: El plan establece medidas para llevar a cabo la adaptación de los ámbitos con población vulnerable a los efectos del Cambio Climático, estableciendo prioridades de actuación según mayores vulnerabilidades y riesgos. | M42: 2 ptos
D43: El plan establece medidas para viabilizar la adaptación de los ámbitos con población vulnerable a los efectos del Cambio Climático, estableciendo prioridades de actuación según mayores vulnerabilidades y riesgos, y se apoya en la participación ciudadana. | M43: 3 ptos
D44: El plan establece medidas y determinaciones para viabilizar la adaptación de algunos sectores y actividades a los efectos del Cambio Climático. | M44: 1 pto
D45: El plan establece medidas y determinaciones para viabilizar la adaptación de todos los sectores y actividades presentes en el ámbito a los efectos del Cambio Climático, se apoya en la participación ciudadana y en la coordinación interinstitucional | M45: 2 ptos
D46: El plan establece medidas y determinaciones para viabilizar la adaptación de todos los sectores y actividades a los efectos del Cambio Climático, se apoya en la participación ciudadana y en la coordinación interinstitucional, y favorece las alianzas público-privadas para ello. | M46: 3 ptos
K48: PUNTUACIÓN: | L48: 1 a 3 ptos = Baja 4 a 6 ptos = Moderada 7 a 9 ptos = Sustancial
C50: El modelo de ordenación fortalece la resiliencia con la naturaleza como aliada
K51: *Realizar sumatoria de puntos
D52: El modelo de ordenación conserva y potencia los ecosistemas naturales vulnerables al cambio climático, minimizando su fragmentación y mejorando su conectividad y restauración ecológica, a través de una infraestructura verde y azul que estructura el territorio, conseguiendo una mayor adaptación a los efectos del cambio climático. | M52: 2 pto
C53: MOT-IND-18 | D53: Grado de participación de la infraestructura verde en el control de riesgos climáticos.
D54: El modelo de ordenación incrementa el grado de participación de la infraestructura verde en el control de riesgos de las zonas vulnerables en menos de un 40% de su superficie. | M54: 1 pto
D55: El modelo de ordenación incrementa el grado de participación de la infraestructura verde en el control de riesgos de las zonas vulnerables entre un 40% y un 70% de su superficie. | M55: 2 ptos
D56: El modelo de ordenación incrementa el grado de participación de la infraestructura verde en el control de riesgos de las zonas vulnerables en más de 70% de su superficie. | M56: 3 ptos
D57: El plan establece pautas y medidas para fomentar la utilización de las Soluciones basadas en la naturaleza (SbN). | M57: 1 pto
D58: El plan establece pautas y medidas para fomentar y priorizar la utilización de las Soluciones basadas en la naturaleza (SbN), siempre que sea técnicamente posible. | M58: 2 ptos
D59: El plan establece pautas y medidas para fomentar y priorizar la utilización multifuncional de las Soluciones basadas en la naturaleza (SbN), siempre que sea técnicamente posible, y especialmente para la estabilización y la protección de la línea de costa frente a los riesgos climáticos, así como para minimizar los efectos de las inundaciones temporales o permanentes de la franja costera y cauces de barranco. | M59: 3 ptos
D60: Los suelos seleccionados para su transformación a urbanos se localizan en las zonas con las mejores condiciones naturales para el desarrollo de la actividad a implantar (soleamiento, viento, temperatura, etc), teniendo en cuenta además las condiciones físicas del territorio en el que se implantan, y evitando la fragmentación ecológica de los sistemas naturales que lo rodean. | M60: 1 pto
D61: Además, en los nuevos desarrollos y en las áreas de regeneración urbana, el plan establece determinaciones y pautas a la ordenación pormenorizada para que tenga en cuenta, en la distribución de usos y diseño urbano, las características climáticas para favorecer la ventilación urbana y el adecuado soleamiento, así como la localización de los ecosistemas que pueden integrarse en los desarrollos: los suelos naturales, agrícolas, vegetación, los espacios de agua, los espacios costeros, etc. | M61: 2 ptos
D62: Además de lo anterior, la calificación de los distintos usos en toda la matriz territorial se hace bajo criterios que parten de las características del medio en el que se implantan, con la finalidad de lograr una mayor integración de los mismos, así como la menor alteración de los procesos metabólicos territoriales, que en caso de existir, se abordan mediante soluciones basadas en la Naturaleza (SbN), potenciando el papel de los ecotonos como zona de amortiguación frente a los impactos del cambio climático, y frenando la artificialización del suelo. | M62: 3 ptos
D63: El plan establece los criterios de priorización de utilización de las soluciones basadas en la naturaleza (SbN), únicamente teniendo en cuenta el valor económico del costo de ejecución de las mismas. | M63: 1 pto
D64: El plan establece los criterios de priorización de utilización de las soluciones basadas en la naturaleza (SbN), teniendo en cuenta el valor económico del costo de ejecución de las mismas frente, al costo de la "no acción". | M64: 2 ptos
D65: El plan establece los criterios de priorización de utilización de las soluciones basadas en la naturaleza (SbN), teniendo en cuenta el valor económico del costo de ejecución de las mismas, frente al costo de la "no acción" y del valor económico de los servicios ecosistémicos que éstas soluciones aportan. | M65: 3 ptos
K67: PUNTUACIÓN: | L67: 1 a 5 ptos = Baja 6 a 10 ptos = Moderada 11 a 14 ptos = Sustancial
C69: El modelo de ordenación optimiza las condiciones del entorno y establece medidas de adaptación
K70: *Realizar sumatoria de puntos
D72: El plan evita la ocupación de los espacios vulnerables al cambio climático y establece determinaciones de ordenación que minimicen los riesgos en la población como consecuencia del cambio climático (inundaciones, embates marinos, ascensos del nivel del mar, eventos meterológicos extremos – lluvias, vientos y olas de calor-, incendios, etc.) en las áreas vulnerables ya ocupadas. | M72: 1 pto
D73: Además, el plan establece determinaciones de ordenación en las áreas vulnerables del sistema urbano y rural, que minimicen los riesgos en la población y en las actividades productivas, teniendo en consideración estos riesgos para establecer la forma, posición, regulación de usos y criterios para la ocupación de los suelos y la distribución de los usos, en función de la mejor adaptación y resiliencia frente al cambio climático. | M73: 2 ptos
D74: Además de lo anterior, el plan establece determinaciones de ordenación en las áreas vulnerables, que minimicen los riesgos en el sistema natural y la biodiversidad. | M74: 3 ptos
D75: El modelo de ordenación contempla medidas bajo los principios de precaución, prevención de impactos y riesgos del cambio climático, con especial atención en los barrancos y en las zonas costeras (de manera directa e indirecta), para el desarrollo de acciones de adaptación que garanticen un litoral resiliente. | M75: 1 pto
D76: Además, el modelo de ordenación aborda los cambios en los usos del suelo en aquellas zonas del litoral y cauces de barrancos que presenten riesgos frente al cambio climático, incluyendo la no ocupación del mismo en aras a la integridad de las personas y de las actividades, asi como de la regeneración y la recuperación de ecosistemas costeros y de los paisajes naturales. | M76: 2 ptos
D77: Además de lo anterior, refuerza el principio de prevención, evitando actuaciones puntuales inconexas y considerando el territorio como un conjunto organizado en unidades a escala de paisaje, en el que no todas las zonas tienen la misma capacidad de resiliencia. | M77: 3 ptos
D78: El plan establece los criterios de selección de suelos y selección de medidas de adaptación para disminuir los riesgos por desastres y para la priorización de las mismas, teniendo en cuenta, únicamente, el valor económico del costo de ejecución. | M78: 1 pto
D79: El plan establece los criterios de selección de suelos y selección de medidas de adaptación para disminuir los riesgos por desastres y para la priorización de las mismas, teniendo en cuenta el valor económico del costo de ejecución, frente al costo de la "no acción". | M79: 2 ptos
D80: El plan establece los criterios de selección de suelos y selección de medidas de adaptación para disminuir los riesgos por desastres y para la priorización de las mismas, teniendo en cuenta el valor económico del costo de ejecución, frente al costo de la "no acción" y la valoración coste-beneficio y coste-efectividad de las mismas. | M80: 3 ptos
K82: PUNTUACIÓN: | L82: 1 a 3 ptos = Baja 4 a 6 ptos = Moderada 7 a 9 ptos = Sustancial
